Cogmind - Beta 16 @@@ ROGUE MODE // 2026.01.27 @ 11:00:00 Player: Wulphy Result: Destroyed by G-73 Enforcer with Phase Gun Performance ------------- Evolutions (8) 4000 Regions Visited (31) 6200 Robots Destroyed (370) 1850 Value Destroyed (20497) 20497 Prototype IDs (85) 1700 Alien Tech Used (7) 1400 Bonus (21360) 21360 TOTAL SCORE: 57007 Bonus ------- High Alert Combat Kills 3459 Follower Combat Kills 7628 Entered Garrisons 800 Used RIF Installer 2500 Network Hubs Disabled 400 Registered with UFD 300 Met Optimus in HQ 500 Built Enhanced Grunts 300 Met R17 at Cetus 500 Found Hidden Lab 3000 Met R17 at Research 2000 Scanned by Researcher 500 Friendly Fire -527 Cogmind --------- Core Integrity 0/1450 Matter 12/300 Energy 348/440 System Corruption 48% Temperature Cool (0) Movement Rolling (160) Ox4 Location -2/Section 7 Parts ------- > --- POWER (2) -------- Quantum Reactor Light Quantum Reactor > --- PROPULSION (4) --- Centrium Wheel Centrium Wheel > --- UTILITY (13) ----- Cargo Storage Unit Advanced Gravity Neutralizer Long-range Terrain Scanner Improved Launcher Guidance Computer Experimental Target Analyzer Experimental Target Analyzer Core Analyzer Advanced Transmission Jammer Experimental Powered Armor Relay Coupler [Swarmer] (13) Relay Coupler [Proto] (3) Core Physics Calibrator > --- WEAPON (4) ------- Graviton Cannon Advanced Remote Datajack System Spiker > --- INVENTORY (30) --- Quantum Reactor Wheel Compact Wheel Overtuned Huge Scrapsphere Overtuned Huge Scrapsphere Centrium Wheel Advanced Power Amplifier Advanced Power Amplifier Advanced Heat Sink Advanced Heat Sink Advanced Coolant Injector Medium Storage Unit Matter Compressor (0) Experimental Target Analyzer Relay Coupler [Proto] (21) Relay Coupler [Proto] (21) Advanced Trap Extractor (0/8) Subatomic Replicator Microwarp Drive Graviton Cannon Micro-nuke Launcher Advanced Remote Datajack Guided Remote Datajack Peak State ------------ > --- POWER ------------ Quantum Reactor Quantum Reactor > --- PROPULSION ------- Centrium Wheel Centrium Wheel Centrium Wheel Centrium Wheel > --- UTILITY ---------- Cargo Storage Unit Long-range Terrain Scanner Improved Launcher Guidance Computer Experimental Target Analyzer Experimental Target Analyzer Core Analyzer Advanced Kinecellerator Advanced Transmission Jammer Improved Cloaking Device Experimental Powered Armor Relay Coupler [Swarmer] Relay Coupler [Proto] > --- WEAPON ----------- Enhanced Hardcell Cannon Enhanced Hardcell Cannon Graviton Cannon Advanced Remote Datajack > --- INVENTORY -------- Quantum Reactor Light Quantum Reactor Wheel Compact Wheel Overtuned Huge Scrapsphere Overtuned Huge Scrapsphere Centrium Wheel Advanced Power Amplifier Advanced Power Amplifier Advanced Heat Sink Advanced Heat Sink Advanced Coolant Injector Medium Storage Unit Matter Compressor Experimental Target Analyzer Relay Coupler [Proto] Relay Coupler [Proto] Advanced Trap Extractor Transdimensional Reconstructor Subatomic Replicator Core Physics Calibrator Graviton Cannon Micro-nuke Launcher Advanced Remote Datajack Guided Remote Datajack System Spiker [Rating: 184] Favorites ----------- Power Quantum Reactor Engine Heavy Ion Engine Power Core Enhanced Fission Core Reactor Quantum Reactor Propulsion Overtuned Huge Scrapsphere Treads Light Treads Wheel Overtuned Huge Scrapsphere Utility Huge Storage Unit Device Advanced Transmission Jammer Storage Huge Storage Unit Processor Advanced Targeting Computer Hackware Relay Coupler [Grunt] Protection Layered Medium Armor Plating Artifact Phase Armor Weapon Hypervelocity Mass Driver Energy Gun Heavy EM Shotgun Energy Cannon Cooled Phase Cannon Ballistic Gun High-powered Shotgun Ballistic Cannon Hypervelocity Mass Driver Launcher Long-range Missile Launcher Special Weapon Improved Remote Datajack Impact Weapon Great Maul Slashing Weapon Companion Sword Build | -11 -10 -10 -10 -9 -8 -8 -8 -8 -6 -6 -6 -6 -5 -5 -5 -5 -5 -5 -4 -4 -4 -4 -4 -4 -4 -3 -3 -3 -2 -2 -2 ------- Run | Yrd Mat Min Exi Min Mat Sto Rec Scr Fac Gar Fac Gar Fac Gar Fac Upp Upp War Pro Fac Ext Cet Arc Hub Gar Res Arm Lab Res Qua Sec Slots Evolved 16 | . . . . . 4 . . . 4 . . . 2 . . . . . . 2 . . . . . 2 . . 2 . . Power 1 | . . . . . . . . . . . . . . . . . . . . 1 . . . . . . . . . . . Propulsion 2 | . . . . . . . . . . . . . . . . . . . . 1 . . . . . 1 . . . . . Utility 11 | . . . . . 2 . . . 4 . . . 2 . . . . . . . . . . . . 1 . . 2 . . Weapon 2 | . . . . . 2 . . . . . . . . . . . . . . . . . . . . . . . . . . Parts Attached 308 | 7 8 1 2 1 31 12 2 8 17 13 28 14 15 8 11 7 3 . 1 10 5 5 . 3 15 11 24 4 14 12 16 Power 30 | 1 2 . . . 3 . . 1 2 1 1 . 2 . . . . . . 3 1 2 . . 1 1 4 . 3 1 1 Engine 8 | 1 2 . . . 2 . . 1 2 . . . . . . . . . . . . . . . . . . . . . . Core 4 | . . . . . 1 . . . . . 1 . 2 . . . . . . . . . . . . . . . . . . Reactor 18 | . . . . . . . . . . 1 . . . . . . . . . 3 1 2 . . 1 1 4 . 3 1 1 Propulsion 36 | 2 1 1 1 . 4 3 2 3 3 1 3 . . . 1 . . . . 1 . . . . . 3 3 . . 4 . Treads 13 | 2 1 1 . . 3 1 1 2 . . . . . . . . . . . . . . . . . 2 . . . . . Leg . | . . . . . . . . . . . . . . . . . . . . . . . . . . . . . . . . Wheel 23 | . . . 1 . 1 2 1 1 3 1 3 . . . 1 . . . . 1 . . . . . 1 3 . . 4 . Hover . | . . . . . . . . . . . . . . . . . . . . . . . . . . . . . . . . Flight . | . . . . . . . . . . . . . . . . . . . . . . . . . . . . . . . . Utility 159 | 2 1 . 1 . 9 4 . 1 11 6 17 12 11 3 8 4 3 . 1 6 2 2 . 2 10 5 10 1 10 5 12 Device 74 | 1 . . . . 2 1 . . 8 1 9 6 4 1 5 2 3 . . 6 2 . . 2 1 2 3 . 9 1 5 Storage 8 | 1 . . 1 . 1 . . 1 . . 2 1 . . . . . . . . . . . . 1 . . . . . . Processor 16 | . . . . . 2 1 . . 1 1 . . 1 . . . . . . . . . . . 3 . 1 . . 1 5 Hackware 34 | . . . . . . . . . 1 2 3 3 4 1 3 . . . . . . . . . 5 3 5 . 1 2 1 Protection 25 | . 1 . . . 4 2 . . 1 2 3 2 2 1 . 2 . . 1 . . 2 . . . . 1 1 . . . Artifact 2 | . . . . . . . . . . . . . . . . . . . . . . . . . . . . . . 1 1 Weapon 83 | 2 4 . . 1 15 5 . 3 1 5 7 2 2 5 2 3 . . . . 2 1 . 1 4 2 7 3 1 2 3 Energy Gun 12 | . . . . . 7 2 . . . 2 . . . . . . . . . . . . . . . . . 1 . . . Energy Cannon 8 | . . . . . . 2 . . . . 3 . . . 1 1 . . . . . . . . . . . 1 . . . Ballistic Gun 18 | 2 1 . . . 6 1 . 1 1 1 1 1 . . . . . . . . . 1 . . 2 . . . . . . Ballistic Cannon 26 | . 2 . . . . . . . . . 3 . 1 5 1 2 . . . . 1 . . 1 1 2 5 1 . . 1 Launcher 5 | . . . . 1 . . . 1 . 1 . 1 . . . . . . . . . . . . . . 1 . . . . Special Weapon 11 | . 1 . . . . . . . . 1 . . 1 . . . . . . . 1 . . . 1 . 1 . 1 2 2 Impact Weapon 1 | . . . . . 1 . . . . . . . . . . . . . . . . . . . . . . . . . . Slashing Weapon 2 | . . . . . 1 . . 1 . . . . . . . . . . . . . . . . . . . . . . . Piercing Weapon . | . . . . . . . . . . . . . . . . . . . . . . . . . . . . . . . . Special Melee Weapon . | . . . . . . . . . . . . . . . . . . . . . . . . . . . . . . . . Unidentified Prototypes 37 | . . . . . 4 5 . 1 . . 1 . 1 . 2 1 . . . 1 . 2 . 1 5 1 1 5 1 3 2 Parts Lost 51 | . 1 . . . 3 2 1 2 2 1 2 1 . . . . . . . 1 . . . 1 2 . 6 . 5 11 10 Power 4 | . 1 . . . . . . . . . 1 . . . . . . . . . . . . . . . . . 1 . 1 Propulsion 7 | . . . . . 2 . . 1 . . . . . . . . . . . . . . . . . . 2 . . . 2 Utility 25 | . . . . . 1 1 . . . 1 1 1 . . . . . . . 1 . . . 1 1 . 3 . 4 8 2 Weapon 15 | . . . . . . 1 1 1 2 . . . . . . . . . . . . . . . 1 . 1 . . 3 5 Highest Loss Streak 7 | . 1 . . . 2 1 1 1 2 1 1 1 . . . . . . . 1 . . . 1 1 . 3 . 3 5 7 To Critical Strikes 1 | . . . . . . . . . . . . . . . . . . . . . . . . . . . . . . . 1 Average Backups 22 | 2 7 8 9 12 18 19 21 21 20 24 24 24 24 24 24 24 25 25 25 24 23 24 25 24 26 29 27 27 27 27 25 Power . | . . . . . . 1 1 . . . . . . . . . . . . . . . . . . . . . . . 1 Propulsion 2 | 1 2 4 4 4 3 4 4 3 4 2 1 2 2 2 2 2 2 2 2 . . . . . . . 1 1 1 2 3 Utility 13 | . 1 1 2 3 6 6 8 9 8 14 16 16 16 15 15 13 14 14 14 15 17 17 19 18 20 23 19 17 16 14 9 Weapon 5 | . 2 3 3 5 8 8 7 5 4 5 5 4 4 5 4 6 6 6 6 4 4 3 4 4 3 4 5 4 5 4 3 Tool/Special . | . . . . . . . . . . . . . . . . . . . . . . . . . . . . . . . . Unused Backups 102 | . 7 . . . 15 5 1 9 . 9 3 5 2 9 1 . . . . 4 . 1 . 1 4 3 . 2 6 3 12 Power 5 | . 2 . . . 1 1 . . . . . . . . . . . . . . . . . . . . . . . . 1 Propulsion 11 | . . . . . 4 1 . . . . . . . . . . . . . . . 1 . . . . . 1 . 1 3 Utility 48 | . 2 . . . 5 . . 7 . 4 . 4 . 6 . . . . . 1 . . . 1 4 1 . 1 3 2 7 Weapon 29 | . 3 . . . 5 3 1 . . 4 3 1 1 3 1 . . . . 2 . . . . . 2 . . . . . Tool/Special 9 | . . . . . . . . 2 . 1 . . 1 . . . . . . 1 . . . . . . . . 3 . 1 Average Slot Usage (%) 90 | . 98 100 100 100 98 99 97 99 91 89 87 87 92 93 93 94 93 94 91 85 84 84 84 83 84 82 79 79 80 74 77 Engine 3 | . 12 14 14 14 6 9 9 9 6 5 . . . . . . . . . . . . . . . . . . . . . Core 1 | . . . . . 2 . . . . . 2 6 5 5 5 5 5 5 5 . . . . . . . . . . . . Reactor 3 | . . . . . . . . . . . 3 . . . . . . . . 8 10 10 10 10 10 8 9 9 7 8 7 Treads 2 | . 27 28 16 14 10 9 1 . . . . . . . . . . . . . . . . . . 2 . . . . . Wheel 9 | . . . 11 14 7 9 16 17 13 13 6 6 5 5 5 5 5 5 5 10 10 10 10 10 10 8 8 9 8 11 15 Device 22 | . 13 14 14 14 13 17 18 17 24 25 26 20 24 30 31 34 34 35 35 28 26 26 26 25 19 18 18 18 22 16 11 Storage 6 | . 14 14 14 14 9 9 9 8 6 6 6 6 7 5 5 5 5 5 5 5 5 5 5 5 5 4 4 4 4 4 4 Processor 2 | . . . . . 2 . . . . 2 . . 2 5 5 5 5 5 5 5 5 5 5 5 5 8 4 4 4 3 11 Hackware 3 | . . . . . . . . . 4 1 5 8 8 . 3 . . . . . . . . . 6 5 11 14 9 9 9 Protection 6 | . . . . . 9 9 9 9 11 5 7 11 11 14 11 11 11 11 8 5 5 5 5 5 4 4 2 . 4 . 2 Energy Gun 3 | . . . . . 14 21 17 4 . 7 . . . . . . . . . . . . . . . . . . . . . Energy Cannon 1 | . . . . . . . . . . . 1 7 6 1 2 4 4 5 . 2 1 5 5 3 . 1 1 4 3 3 2 Ballistic Gun 7 | . 19 . . . 17 12 7 23 18 16 13 2 . . . . . . . . . . . 1 7 6 . . . . . Ballistic Cannon 9 | . 8 28 28 23 1 . . . . . 5 12 8 15 16 17 17 17 22 17 18 15 15 15 8 6 12 13 13 8 4 Special Weapon 1 | . . . . . . . . . . 1 4 2 4 5 2 . . . . . . . . . 2 3 3 . . 2 4 Impact Weapon 1 | . . . . . . 2 9 7 . . . . . . . . . . . . . . . . . . . . . . . Peak Build Rating 184 | 7 7 8 10 10 38 41 37 43 58 65 75 83 91 101 103 107 109 109 110 120 117 128 127 130 128 153 144 146 174 179 184 Average Rating 85 | 4 6 7 8 10 31 36 34 36 52 60 67 73 83 95 99 105 107 109 104 114 115 124 127 125 121 140 136 140 163 164 151 On Entrance 81 | . 7 7 8 10 10 34 36 25 39 56 65 72 76 91 99 101 107 109 109 103 116 117 127 127 121 126 136 140 142 165 127 Avg Prop Armor Cover (%) 7 | . . . 11 11 6 5 7 . . . . . . . . . . . . . . . . . . 5 . . . . . Naked Turns . | . . . . . . . . . . . . . . . . . . . . . . . . . . . . . . . . Heaviest Build 283 | 14 17 17 52 52 76 75 111 122 138 138 144 147 152 158 161 163 163 162 166 189 190 196 196 196 231 233 246 245 271 283 244 Greatest Support 64 | 40 40 40 40 16 46 16 26 26 28 28 28 28 28 28 28 28 28 28 28 40 32 32 32 32 32 48 48 40 40 64 64 Greatest Overweight (x) 12 | 1 . . 3 3 4 7 7 6 6 6 6 5 5 5 5 5 5 5 5 5 5 6 6 6 7 11 12 6 6 7 6 Average Overweight (x) 4 | . . . 2 3 3 4 4 3 4 4 4 4 4 5 5 5 5 5 5 4 5 5 6 5 5 6 4 5 6 5 3 Largest Inventory Capacity 30 | 8 8 8 20 20 25 20 25 25 25 25 25 25 25 25 25 25 25 25 25 25 25 25 25 25 30 30 30 30 30 30 30 Average Capacity 24 | 6 8 8 17 20 20 20 24 24 25 25 25 25 25 25 25 25 25 25 25 25 25 25 25 25 27 30 30 30 30 30 30 Most Carried 30 | 4 8 8 12 13 20 20 25 25 25 25 25 25 25 25 25 25 25 25 25 25 25 25 25 25 30 30 30 30 30 30 30 Average Carried 23 | 2 7 7 9 12 18 19 21 23 24 24 24 24 24 24 24 24 25 25 25 24 24 24 25 24 26 29 29 29 29 28 27 Final Capacity 30 | 8 8 8 20 20 20 20 25 25 25 25 25 25 25 25 25 25 25 25 25 25 25 25 25 25 30 30 30 30 30 30 30 Final Carried 30 | 4 8 8 12 13 20 20 25 23 24 25 25 25 25 25 24 25 25 25 25 25 25 25 25 25 30 30 30 30 29 27 27 Scrap Suit Usage (%) 9 | . . . . . . . . . 46 15 . . . . . . . . . 2 34 1 . 1 67 3 10 . 53 12 . Parts Cannibalized 55 | . . . . . . . . . . 13 . . . . . . . . . 4 5 1 . 3 12 1 7 . 8 1 . Class Distribution -------------------- 23% | Botlord-Gunner 15% | Bothacker-Gunner 12% | Commander-Gunner 11% | Bothacker-Tank 9% | Botlord-Skirmisher 5% | Scavenger-Tank 5% | Tank 4% | Mutant 3% | Gunner 3% | Commander-Mutant Dominant Class ---------------- Mutant | -10/Materials Commander-Mutant | -10/Mines Commander-Mutant | -10/Exiles Mutant | -9/Mines Tank | -8/Materials Gunner | -8/Storage Commander-Gunner | -8/Recycling Commander-Gunner | -8/Scraptown Scavenger-Tank | -6/Factory Scavenger-Tank | -6/Garrison Bothacker-Tank | -6/Factory Bothacker-Tank | -6/Garrison Bothacker-Tank | -5/Factory Botlord-Gunner | -5/Garrison Botlord-Gunner | -5/Factory Botlord-Gunner | -5/Upper Caves Botlord-Gunner | -5/Upper Caves Botlord-Gunner | -5/Warlord Botlord-Gunner | -4/Proximity Caves Botlord-Gunner | -4/Factory Bothacker-Gunner | -4/Extension Bothacker-Gunner | -4/Cetus Bothacker-Gunner | -4/Archives Bothacker-Gunner | -4/Hub_04(d) Botlord-Gunner | -4/Garrison Botlord-Skirmisher | -3/Research Botlord-Skirmisher | -3/Armory Botlord-Skirmisher | -3/Lab Botlord-Skirmisher | -2/Research Botlord-Skirmisher | -2/Quarantine Bothacker-Gunner | -2/Section 7 Resources | -11 -10 -10 -10 -9 -8 -8 -8 -8 -6 -6 -6 -6 -5 -5 -5 -5 -5 -5 -4 -4 -4 -4 -4 -4 -4 -3 -3 -3 -2 -2 -2 ----------- Run | Yrd Mat Min Exi Min Mat Sto Rec Scr Fac Gar Fac Gar Fac Gar Fac Upp Upp War Pro Fac Ext Cet Arc Hub Gar Res Arm Lab Res Qua Sec Matter Collected 19775 | 229 557 135 . 30 1146 750 181 597 399 1155 1558 789 304 229 1226 257 260 . 263 996 1283 138 . 423 1255 263 2374 202 1412 700 664 Remotely 6519 | . . . . . . . . . . . . . 75 . 1225 257 260 . 263 587 254 . . 121 579 . 1779 . 554 565 . Salvage Created 16682 | 20 454 105 . 115 1630 2031 142 830 314 1170 1266 714 143 7 1333 160 82 . 166 817 1089 49 160 229 649 . 1298 . 844 549 316 Parts 741 | 4 19 5 . 6 100 113 7 35 21 53 41 23 12 . 64 5 11 . 10 28 50 2 4 4 37 . 24 . 35 26 2 Haulers Intercepted 12 | . 1 . . . 4 4 . . 1 . . . . . 1 . . . . . . . . 1 . . . . . . . Recyclers Shooed 17 | . 1 . . . 1 2 . . . . 8 . . . 3 . . . . . . . . . . . . . 1 1 . Parts Field Recycled . | . . . . . . . . . . . . . . . . . . . . . . . . . . . . . . . . Retrieved Matter . | . . . . . . . . . . . . . . . . . . . . . . . . . . . . . . . . Parts Self-Destructed 26 | . . . . . . . . . . . . . . . . 8 9 . 9 . . . . . . . . . . . . Prevented 2 | . . . . . . . . . . . . . . . . 2 . . . . . . . . . . . . . . . Parts Restored . | . . . . . . . . . . . . . . . . . . . . . . . . . . . . . . . . Kills | -11 -10 -10 -10 -9 -8 -8 -8 -8 -6 -6 -6 -6 -5 -5 -5 -5 -5 -5 -4 -4 -4 -4 -4 -4 -4 -3 -3 -3 -2 -2 -2 ------- Run | Yrd Mat Min Exi Min Mat Sto Rec Scr Fac Gar Fac Gar Fac Gar Fac Upp Upp War Pro Fac Ext Cet Arc Hub Gar Res Arm Lab Res Qua Sec Combat Hostiles Destroyed 314 | . 9 3 . 21 27 35 3 17 3 27 11 16 6 . 18 2 8 . 3 14 14 1 . 4 11 . 35 . 10 11 5 Melee 3 | . . . . . 2 . . . 1 . . . . . . . . . . . . . . . . . . . . . . Guns 101 | . 7 . . . 19 30 3 9 2 21 4 1 . . . . . . . . . . . 1 4 . . . . . . Cannons 118 | . 2 3 . 1 . . . . . . 7 13 2 . 11 2 1 . 3 14 14 1 . 3 7 . 14 . 10 7 3 AOE 87 | . . . . 20 6 3 . 8 . 6 . . 4 . 7 . 7 . . . . . . . . . 21 . . 3 2 Classes Destroyed 30 | 1 4 . . 2 5 3 . 5 2 2 1 . . . 2 2 1 . . . . . . . . . . . . . . Worker 10 | . . . . . 1 2 . . . . . . . . 2 . . . . 1 . . . . . . . . 1 3 . Builder 3 | . . . . . 1 2 . . . . . . . . . . . . . . . . . . . . . . . . . Tunneler 5 | 1 . . . . 1 . . . 1 . 1 . . . 1 . . . . . . . . . . . . . . . . Hauler 12 | . 1 . . . 4 4 . . 1 . . . . . 1 . . . . . . . . 1 . . . . . . . Recycler 18 | . 1 1 . . 2 . . . . . 6 . . . 3 . . . . . 1 . . . . . . . 3 . 1 Minesweeper 1 | . . . . . . . . . . . . . . . . 1 . . . . . . . . . . . . . . . Mechanic 5 | . . . . . 2 . . . . . . . . . 1 . . . . . . . . . . . 1 . . . 1 Operator 6 | . . . . . . . . . 1 . . . . . 1 . . . . . 1 . . . . . . . 2 1 . Watcher 6 | . . . . . 1 2 . . . . . . 1 . . . . . . . . . . . . . 2 . . . . Swarmer 52 | . 3 3 . 3 4 7 . . . 11 . . 5 . 2 . 8 . . 2 1 . . . 2 . . . . 1 . Cutter 7 | . . . . . . . . . . 3 . . . . . . . . . . . . . . 4 . . . . . . Saboteur 2 | . . . . . . . . . . . . . . . 1 . . . . . . . . . . . 1 . . . . Grunt 99 | . 6 . . 1 11 15 1 . . 12 4 11 . . . . . . . 7 8 . . . 2 . 18 . . 1 2 Brawler 4 | . . . . . . 1 . . . . . . . . 1 . . . . 1 . . . . . . 1 . . . . Duelist 9 | . . . . . . 1 1 . . . . . . . 1 . . . . . . . . . . . 5 . . . 1 Protector 2 | . . . . . . 1 . . . . . . . . 1 . . . . . . . . . . . . . . . . Sentry 35 | . . . . . 8 10 1 . 2 1 1 2 . . 2 . . . 1 1 3 . . . 1 . 2 . . . . Demolisher 2 | . . . . . . . . . . . . . . . 1 . . . . . . . . . . . 1 . . . . Hunter 22 | . . . . 1 4 . . . . . 1 1 . . 6 1 . . . . 2 . . 1 . . . . 2 1 2 Programmer 41 | . . . . . . . . . . . 5 2 1 . 5 . . . 2 3 . . . 3 1 . 4 . 7 8 . Heavy 2 | . . . . . . . . . 1 . . . . . . . . . . . . . . . . . 1 . . . . Behemoth 4 | . . . . . . . . . . . . . . . . 1 . . . . . . . . 1 . 1 . 1 . . Cetus Guard 1 | . . . . . . . . . . . . . . . . . . . . . . 1 . . . . . . . . . Federalist 3 | . . . . . . . . 3 . . . . . . . . . . . . . . . . . . . . . . . Ranger 3 | . . . . . . . . 3 . . . . . . . . . . . . . . . . . . . . . . . Guru 1 | . . . . . . . . 1 . . . . . . . . . . . . . . . . . . . . . . . Scrapper 8 | . . . . . . . . 8 . . . . . . . . . . . . . . . . . . . . . . . Scrapoid 2 | . . . . . . . . . . 1 . . . . . . . . . . . . . . . . 1 . . . . Samaritan 1 | . . . . . . . . . . . . . . . . . 1 . . . . . . . . . . . . . . Assembled 18 | . . . . 18 . . . . . . . . . . . . . . . . . . . . . . . . . . . Thug 2 | . . . . . . . . 1 . . . . . . . . . . . . 1 . . . . . . . . . . Guerrilla 2 | . . . . . . . . . . . . . . . . . . . . . . . 2 . . . . . . . . Mutant 1 | . . . . . . . . 1 . . . . . . . . . . . . . . . . . . . . . . . Best Kill Streak 21 | 1 3 4 . 21 8 8 2 11 1 7 3 4 5 . 11 1 4 . 2 4 2 1 . 2 5 . 21 . 4 3 4 Combat Bots Only 21 | . 3 3 . 21 7 8 2 11 1 7 3 4 5 . 7 1 4 . 2 4 2 1 . 2 5 . 19 . 3 2 3 Max Kills in Single Turn 11 | 1 1 1 . 5 2 3 2 4 1 2 1 1 4 . 11 1 3 . 1 3 1 1 1 2 2 . 4 . 2 1 2 Gunslinging 1 | . . . . . . 1 . . . . . . . . . . . . . . . . . . . . . . . . . Exploded 7 | . . . . 4 2 1 . 4 . 2 . . 4 . 7 . 3 . . . . . . . . . 4 . . 1 1 Melee 1 | . . . . . 1 . . . 1 . . . . . . . . . . . . . . . . . . . . . . Uniques/NPCs Destroyed . | . . . . . . . . . . . . . . . . . . . . . . . . . . . . . . . . Combat | -11 -10 -10 -10 -9 -8 -8 -8 -8 -6 -6 -6 -6 -5 -5 -5 -5 -5 -5 -4 -4 -4 -4 -4 -4 -4 -3 -3 -3 -2 -2 -2 -------- Run | Yrd Mat Min Exi Min Mat Sto Rec Scr Fac Gar Fac Gar Fac Gar Fac Upp Upp War Pro Fac Ext Cet Arc Hub Gar Res Arm Lab Res Qua Sec Hostile Shots Fired 1571 | . 42 17 . 8 104 82 7 90 64 107 44 90 25 2 64 3 5 . 8 55 34 2 . 29 70 14 165 . 85 167 188 Missed 427 | . 9 5 . 1 28 30 2 26 20 33 12 19 6 . 23 1 1 . 4 12 10 1 . 9 19 3 42 . 24 32 55 Hits 1144 | . 33 12 . 7 76 52 5 64 44 74 32 71 19 2 41 2 4 . 4 43 24 1 . 20 51 11 123 . 61 135 133 Melee 15 | . . . . 2 . . 1 . . 3 . . . . 1 . . . . . . . . . 4 . 4 . . . . Projectile 1129 | . 33 12 . 5 76 52 4 64 44 71 32 71 19 2 40 2 4 . 4 43 24 1 . 20 47 11 119 . 61 135 133 AOE 10 | . . . . 3 . . . . . 1 . . 1 . 1 . . . . . . . . . . . 3 . 1 . . Critical Strikes 86 | . 3 . . . 3 3 1 2 2 6 2 6 1 1 2 . 1 . . 4 2 . . 3 8 1 7 . 1 22 5 Actively Blocked 1 | . . . . . . . . . . . . . . . . . . . . . . . . . . . . . 1 . . Part Disruptions 3 | . . . . . . . 1 . . . . . . . . . . . . . . . . . . . . . 1 1 . Damage Taken 23850 | . 391 89 . 283 1183 787 94 785 581 1480 641 1240 442 44 882 50 83 . 90 844 462 71 . 734 897 325 3492 . 1893 3164 2823 Core 3044 | . 110 . . 52 156 28 30 26 80 143 14 46 64 . 93 . 13 . . 147 36 . . . 109 51 541 . 118 952 235 Absorbed by Shields 1016 | . . . . . . . . . . 21 . 95 . . . . . . . . 138 15 . . 412 . 47 . 80 208 . Reduced by Siege Mode 73 | . . . . . . . . . . . . . . . . . . . . . . . . . . . 73 . . . . Redirected to Core 848 | . . . . . . . . . . . . . . . . . . . . . . . . . . . . . . 848 . Redirected to Shielding 7 | . 7 . . . . . . . . . . . . . . . . . . . . . . . . . . . . . . Ignored by Resistances 103 | . . . . . . 6 . 63 34 . . . . . . . . . . . . . . . . . . . . . . Regen/Repaired (Parts) 1151 | . 76 . . . 226 184 . 85 63 107 67 . . . . . . . . 31 50 10 . 30 84 10 47 . 77 4 . Core Remaining (%) 70 | 100 . . . 35 . . . 56 . . . 66 . . . . . . 83 . . . . . 74 . . 79 . . . Volleys Fired 1138 | 1 37 9 . 10 66 62 3 19 10 65 90 65 16 21 51 22 27 . 8 32 66 2 5 29 67 19 121 30 49 93 43 Largest 4 | 2 2 2 . 1 4 4 3 4 4 4 4 4 3 1 4 4 4 . 4 4 4 4 1 4 4 1 4 1 4 4 3 Hottest 224 | 40 100 60 . 30 180 151 150 103 106 196 138 148 127 47 224 219 208 . 219 219 219 203 40 208 223 51 207 40 217 203 156 Shots Fired 2233 | 2 73 18 . 10 169 181 7 58 32 187 154 148 21 21 121 33 30 . 23 87 139 8 5 59 124 19 193 31 123 97 60 Gun 760 | 2 58 . . . 158 181 7 54 32 172 46 13 . . . . . . . . . . . 9 28 . . . . . . Cannon 1205 | . 14 18 . 2 6 . . . . . 100 124 9 8 115 32 22 . 23 87 109 8 5 50 79 4 124 31 122 76 37 Launcher 58 | . . . . 8 5 . . 4 . 6 . . 1 . . . 8 . . . . . . . . . 16 . . 7 3 Special 210 | . 1 . . . . . . . . 9 8 11 11 13 6 1 . . . . 30 . . . 17 15 53 . 1 14 20 Kinetic 1321 | 2 72 18 . 2 83 72 2 54 32 116 107 81 6 6 99 15 3 . 23 71 95 6 . 44 92 1 107 1 88 6 17 Thermal 493 | . 1 . . . 43 . . . . 56 39 56 3 2 16 17 19 . . 16 14 2 5 15 15 3 17 30 34 70 20 Explosive 58 | . . . . 8 5 . . 4 . 6 . . 1 . . . 8 . . . . . . . . . 16 . . 7 3 Electromagnetic 152 | . . . . . 38 109 5 . . . . . . . . . . . . . . . . . . . . . . . . Robot Hit Streak 44 | 1 14 3 . 3 22 16 3 7 4 8 18 12 15 17 19 18 3 . 6 12 14 7 12 21 25 21 23 . 26 33 44 Robot Miss Streak 8 | . 5 8 . 2 3 4 3 4 3 4 3 3 2 1 4 1 2 . 2 5 5 . . 4 2 . 2 . 3 2 3 Penetration Max 1 | . . . . . . 1 . 1 . . 1 . . . 1 . . . . 1 1 . . 1 1 . 1 . . . . Secondary Targets 25 | . 3 . . . . 8 1 4 . 9 . . . . . . . . . . . . . . . . . . . . . Max Gunslinging Chain 2 | . 1 . . . . 2 1 1 . 1 . . . . . . . . . . . . . . . . . . . . . Shots Hit Robots 1342 | 1 51 5 . 5 105 136 5 32 25 112 88 78 14 15 71 19 4 . 11 45 90 7 5 30 83 15 131 . 83 37 39 Core Hits 707 | 1 21 4 . 49 70 83 5 36 11 56 32 24 7 2 41 7 13 . 4 21 24 3 2 11 27 . 89 . 23 22 19 Critical Kills 54 | . . . . . . . . . . . . 2 . . 14 1 1 . 3 9 14 1 1 4 2 . . . 1 1 . Critical Parts Destroyed 99 | . . . . . 1 . . . . 1 1 . . . 32 2 . . 5 22 18 1 . 10 6 . . . . . . Critical Strikes 204 | . . . . 1 7 . . . 1 3 4 6 . . 48 4 1 . 8 31 40 3 1 15 15 . 8 . 5 1 2 Burn 8 | . . . . . 6 . . . . 2 . . . . . . . . . . . . . . . . . . . . . Meltdown 5 | . . . . . . . . . . . . 2 . . . . . . . . . . 1 . . . . . 1 1 . Destroy 165 | . . . . . 1 . . . 1 1 2 . . . 48 4 1 . 8 31 40 3 . 14 11 . . . . . . Blast 26 | . . . . 1 . . . . . . 2 4 . . . . . . . . . . . 1 4 . 8 . 4 . 2 Melee Attacks 46 | . . . . . 12 12 . 5 11 6 . . . . . . . . . . . . . . . . . . . . . Impact 20 | . . . . . 3 12 . 5 . . . . . . . . . . . . . . . . . . . . . . . Slashing 26 | . . . . . 9 . . . 11 6 . . . . . . . . . . . . . . . . . . . . . Piercing . | . . . . . . . . . . . . . . . . . . . . . . . . . . . . . . . . Sneak Attacks 4 | . . . . . . . . . 2 2 . . . . . . . . . . . . . . . . . . . . . Combat Hostiles . | . . . . . . . . . . . . . . . . . . . . . . . . . . . . . . . . Follow-up Attacks . | . . . . . . . . . . . . . . . . . . . . . . . . . . . . . . . . Damage Inflicted 47484 | 10 552 89 . 1387 2892 3348 108 1439 664 2739 2560 2319 549 111 3258 453 820 . 237 1227 1350 152 176 1218 2729 25 8369 . 3873 3307 1523 Guns 9499 | 10 471 . . . 1804 2554 108 597 353 1993 831 156 . . . . . . . . . . . 282 340 . . . . . . Cannons 23160 | . 81 89 . 37 64 . . . . . 1641 2163 167 111 1500 453 90 . 237 1227 1350 152 176 782 2389 25 3574 . 3873 2127 852 Explosions 14200 | . . . . 1350 874 794 . 842 . 582 88 . 382 . 1758 . 730 . . . . . . 154 . . 4795 . . 1180 671 Melee 625 | . . . . . 150 . . . 311 164 . . . . . . . . . . . . . . . . . . . . . Ramming . | . . . . . . . . . . . . . . . . . . . . . . . . . . . . . . . . Kinetic 22372 | 10 552 89 . 37 780 824 35 597 353 1517 1878 1320 136 111 1241 195 17 . 237 871 1138 77 . 919 2233 . 3312 . 3220 109 564 Thermal 8897 | . . . . . 669 744 . . . 476 682 999 31 . 259 258 73 . . 356 212 75 176 145 496 25 262 . 653 2018 288 Explosive 12771 | . . . . 1350 714 50 . 842 . 582 . . 382 . 1758 . 730 . . . . . . . . . 4795 . . 897 671 Electromagnetic 2536 | . . . . . 579 1730 73 . . . . . . . . . . . . . . . . 154 . . . . . . . Impact . | . . . . . . . . . . . . . . . . . . . . . . . . . . . . . . . . Slashing 625 | . . . . . 150 . . . 311 164 . . . . . . . . . . . . . . . . . . . . . Piercing . | . . . . . . . . . . . . . . . . . . . . . . . . . . . . . . . . Entropic 283 | . . . . . . . . . . . . . . . . . . . . . . . . . . . . . . 283 . Highest Corruption 48 | . . . . . . . 1 2 2 2 4 4 1 1 1 1 1 . 1 6 4 . . 8 8 . 5 5 17 21 48 Average Corruption 5 | . . . . . . . 1 1 1 2 2 1 1 1 1 1 1 . 1 4 2 . . 2 8 . 3 5 12 15 21 Corruption Purged 19 | . . . . . . . . . . . 5 . . . 1 . 1 . . 2 4 . . . . . . . 6 . . Corruption Blocked . | . . . . . . . . . . . . . . . . . . . . . . . . . . . . . . . . Effects 332 | . . . . . . . 2 4 6 24 33 13 1 8 2 10 4 . 1 10 . . . 6 56 . 14 17 22 58 41 Message Errors 85 | . . . . . . . 1 . 1 6 10 3 . 3 . 5 1 . . . . . . 3 15 . 4 4 7 11 11 Matter Fused 76 | . . . . . . . . . . 10 4 1 . 1 2 1 1 . . 1 . . . . 16 . 2 3 4 18 12 Heat Flow Errors 46 | . . . . . . . . . 1 2 8 2 1 . . 1 . . . 4 . . . 1 5 . 4 2 4 8 3 Energy Discharges 31 | . . . . . . . 1 1 1 1 2 1 . 2 . 1 1 . . . . . . . 3 . 2 4 . 7 4 Parts Rejected 2 | . . . . . . . . . . . . . . . . . . . . . . . . . 1 . . . . . 1 Parts Fused 5 | . . . . . . . . . . . 1 1 . . . . . . 1 . . . . . . . . 1 . . 1 Data Loss (minor) 38 | . . . . . . . . 2 1 2 4 2 . 1 . . . . . 1 . . . 2 4 . 1 2 3 8 5 Data Loss (major) 16 | . . . . . . . . 1 1 . 3 . . 1 . 1 . . . 1 . . . . 4 . . . 2 1 1 Misfires 14 | . . . . . . . . . . 1 . . . . . . . . . 2 . . . . 4 . . 1 1 3 2 Alerts 8 | . . . . . . . . . 1 1 . 1 . . . 1 1 . . . . . . . 2 . . . 1 . . Misdirections 1 | . . . . . . . . . . . . . . . . . . . . . . . . . . . . . . . 1 Weapon Failures 10 | . . . . . . . . . . 1 1 2 . . . . . . . 1 . . . . 2 . 1 . . 2 . Overload Shots 6 | . . . . . . . . . . . . 2 . . . . . . . . 3 . . . . . . . 1 . . Effects 1 | . . . . . . . . . . . . . . . . . . . . . . . . . . . . . 1 . . Energy Bleed 1 | . . . . . . . . . . . . . . . . . . . . . . . . . . . . . 1 . . Overflow Damage 1717 | . . . . 25 8 40 . 6 . 71 75 61 20 1 128 111 28 . . 13 . . . 31 . . 559 . 170 273 97 Projectiles 933 | . . . . . . . . . . . 47 61 . 1 15 111 5 . . 13 . . . 20 . . 202 . 170 217 71 Explosions 784 | . . . . 25 8 40 . 6 . 71 28 . 20 . 113 . 23 . . . . . . 11 . . 357 . . 56 26 Melee . | . . . . . . . . . . . . . . . . . . . . . . . . . . . . . . . . Knockbacks 112 | . 2 . . . . . . . . . 9 15 . 1 9 . . . 3 2 12 . . 11 5 . 16 . 19 2 6 Impact . | . . . . . . . . . . . . . . . . . . . . . . . . . . . . . . . . Kinetic 107 | . 2 . . . . . . . . . 9 15 . 1 9 . . . 3 2 11 . . 10 5 . 14 . 19 1 6 Secondary 5 | . . . . . . . . . . . . . . . . . . . . . 1 . . 1 . . 2 . . 1 . Self-Inflicted Damage 1130 | . . . . 113 115 33 . 16 . 229 82 . . . . . 25 . . . . . . 175 . . 175 . . 167 . Shots 27 | . . . . 5 4 2 . 2 . 5 2 . . . . . 1 . . . . . . 2 . . 3 . . 1 . Rammed 1 | . . . . . . . 1 . . . . . . . . . . . . . . . . . . . . . . . . Targets Rammed 1 | . . . . . . . 1 . . . . . . . . . . . . . . . . . . . . . . . . Kicked . | . . . . . . . . . . . . . . . . . . . . . . . . . . . . . . . . Crushed . | . . . . . . . . . . . . . . . . . . . . . . . . . . . . . . . . Highest Temperature 621 | . 51 . . 15 393 217 14 84 192 360 204 238 137 . 621 262 102 . 230 419 366 174 . 342 309 . 374 159 322 263 225 Average Temperature 93 | . 20 . . 10 112 61 11 35 95 118 76 49 34 . 118 77 39 . 96 121 105 96 . 117 104 . 100 69 89 98 56 Received Heat Transfer 3686 | . 210 . . 60 369 387 . 326 90 448 162 602 66 . 72 . . . 9 106 25 . . . 183 76 258 . 129 27 81 Effects 14 | . . . . . 2 . . . . 1 . . . . 3 . . . . . 3 . . . . . 5 . . . . Shutdowns 2 | . . . . . . . . . . . . . . . 1 . . . . . 1 . . . . . . . . . . Energy Bleed 4 | . . . . . . . . . . . . . . . 1 . . . . . 2 . . . . . 1 . . . . Interference 5 | . . . . . 2 . . . . . . . . . . . . . . . . . . . . . 3 . . . . Matter Decay 1 | . . . . . . . . . . . . . . . . . . . . . . . . . . . 1 . . . . Short Circuit 1 | . . . . . . . . . . 1 . . . . . . . . . . . . . . . . . . . . . Damage (minor) 1 | . . . . . . . . . . . . . . . 1 . . . . . . . . . . . . . . . . Siege Activations 1 | . . . . . . . . . . . . . . . . . . . . . . . . . . . 1 . . . . Total Turns 25 | . . . . . . . . . . . . . . . . . . . . . . . . . . . 25 . . . . Longest Duration 25 | . . . . . . . . . . . . . . . . . . . . . . . . . . . 25 . . . . Martial Activations . | . . . . . . . . . . . . . . . . . . . . . . . . . . . . . . . . Shielding Activations . | . . . . . . . . . . . . . . . . . . . . . . . . . . . . . . . . Robots Disrupted 1 | . . . . . . 1 . . . . . . . . . . . . . . . . . . . . . . . . . Combat Hostiles 1 | . . . . . . 1 . . . . . . . . . . . . . . . . . . . . . . . . . Robots Corrupted 2 | . . . . . . 2 . . . . . . . . . . . . . . . . . . . . . . . . . Combat Hostiles 2 | . . . . . . 2 . . . . . . . . . . . . . . . . . . . . . . . . . Parts Fried 16 | . . . . . 2 13 . . . . . . . . . . . . . . . . . 1 . . . . . . . Impact Corruptions . | . . . . . . . . . . . . . . . . . . . . . . . . . . . . . . . . Robots Melted 5 | . . . . . . . . . . . . 2 . . . . . . . . . . 1 . . . . . 1 1 . Combat Hostiles 3 | . . . . . . . . . . . . 2 . . . . . . . . . . . . . . . . . 1 . Parts Melted 27 | . . . . . 4 . . 1 3 2 . 7 . . . . . . . 4 . . 2 . . . 1 . 1 2 . Heat Transferred 10903 | . . . . . 1704 900 . . . 1073 950 1500 50 . 400 259 74 . . 370 222 74 185 148 518 9 259 . 666 1246 296 Parts Sabotaged . | . . . . . . . . . . . . . . . . . . . . . . . . . . . . . . . . Parts Stolen . | . . . . . . . . . . . . . . . . . . . . . . . . . . . . . . . . Parts Stripped . | . . . . . . . . . . . . . . . . . . . . . . . . . . . . . . . . Power Chain Reactions 14 | . . . . . 4 9 . . . . . . . . . . . . . . . . . 1 . . . . . . . Alert | -11 -10 -10 -10 -9 -8 -8 -8 -8 -6 -6 -6 -6 -5 -5 -5 -5 -5 -5 -4 -4 -4 -4 -4 -4 -4 -3 -3 -3 -2 -2 -2 ------- Run | Yrd Mat Min Exi Min Mat Sto Rec Scr Fac Gar Fac Gar Fac Gar Fac Upp Upp War Pro Fac Ext Cet Arc Hub Gar Res Arm Lab Res Qua Sec Maximum Alert Level 5 | . . . . . 2 2 1 . . 3 2 3 2 3 5 . . . . 2 4 3 1 3 4 4 4 . 1 1 3 Low Security (%) 34 | 100 100 100 . 100 29 22 86 . 100 6 . . 28 2 . . . . . 37 55 . . 35 . . . . 64 98 40 Level 1 25 | . . . . . 60 25 13 . . 26 77 12 65 48 . . . . . 23 6 . 100 44 . . 31 . 35 1 4 Level 2 19 | . . . . . 9 52 . . . 20 22 38 5 37 30 . . . . 38 21 32 . 17 . 53 20 . . . 54 Level 3 12 | . . . . . . . . . . 45 . 48 . 12 54 . . . . . 12 67 . 2 39 28 4 . . . . Level 4 6 | . . . . . . . . . . . . . . . 12 . . . . . 4 . . . 60 17 44 . . . . Level 5 . | . . . . . . . . . . . . . . . 1 . . . . . . . . . . . . . . . . High Security . | . . . . . . . . . . . . . . . . . . . . . . . . . . . . . . . . Max Security . | . . . . . . . . . . . . . . . . . . . . . . . . . . . . . . . . Peak Influence 1639 | . 92 65 . 106 416 699 247 . 162 1089 571 1022 536 812 1639 . . . . 451 1228 797 384 1040 1470 1197 1376 . 279 201 706 Initial 826 | . . . . . 21 172 217 . . 114 571 327 536 131 426 . . . . 6 197 683 279 109 728 826 310 . . 68 100 Average 400 | . 18 13 . 81 238 404 80 . 24 593 365 706 259 458 809 . . . . 249 359 715 336 294 1122 726 816 . 127 62 356 Influence Increases 20326 | 5 269 139 . 126 941 1182 380 . 532 1045 607 805 309 701 1883 75 180 . 70 776 1878 374 175 1511 862 975 2100 . 853 642 931 Destroy 0b10 Robot/C 9020 | . 180 100 . 80 540 700 120 . 240 600 240 480 160 20 720 40 160 . 60 440 840 160 80 300 340 440 1060 . 300 280 340 Destroy 0b10 Robot/NC 465 | 5 10 5 . . 60 60 . . 25 . 40 . 5 . 65 5 . . . 5 35 10 . 5 15 . 25 . 50 20 20 Destroy Leader 1488 | . 42 20 . 10 190 172 . . 72 20 70 30 30 . 128 20 20 . 10 80 74 . . 62 30 70 168 . 78 20 72 Allied During Kill 3066 | . . 14 . 18 . 8 64 . 55 11 7 57 12 17 333 10 . . . 144 804 170 80 242 57 317 377 . 118 39 112 Trap Triggered on 0b10 10 | . . . . . . . . . . . . . . . . . . . . . . . . . . . . . . 10 . Successful Hack 661 | . 35 . . . 32 65 16 . 28 14 60 7 36 14 55 . . . . 4 35 12 . 16 16 62 . . 85 69 . Select Force Hacks 180 | . . . . . . . 180 . . . . . . . . . . . . . . . . . . . . . . . . Disable Machine 1680 | . . . . . 45 75 . . 75 . 75 30 30 . 345 . . . . 30 60 . 15 420 75 30 210 . 45 75 45 Anti-Garrison Action 1550 | . . . . . . . . . . 300 . 150 . 650 . . . . . . . . . . 300 . . . . . 150 Destroy Structure 1831 | . 2 . . 18 59 57 . . 22 25 115 21 36 . 162 . . . . 28 30 22 . 436 29 56 260 . 147 129 177 Partial Spotted 15 | . . . . . . 15 . . . . . . . . . . . . . . . . . . . . . . . . . Lose Combat Pursuer 360 | . . . . . 15 30 . . 15 75 . 30 . . 75 . . . . 45 . . . 30 . . . . 30 . 15 Influence Decreases 19869 | 5 269 103 36 70 587 1035 919 18 368 120 1228 251 1143 77 1060 1126 618 146 60 382 1062 895 560 785 432 1852 1327 1366 731 585 653 Entered New Map 7280 | . . . 36 . 35 238 340 18 . 50 518 141 486 57 386 606 112 146 . 4 207 537 420 205 312 644 283 1366 . 54 79 Time Decay 8234 | 5 259 83 . 20 522 607 399 . 273 . 650 . 362 . 474 470 506 . 60 268 408 278 80 410 . 368 514 . 451 393 374 Lost Part 470 | . 10 . . . 30 20 10 . 20 10 20 10 . . . . . . . 10 . . . 10 20 . 60 . 40 100 100 Lost Ally 2253 | . . 20 . 50 . 20 20 . 75 60 40 100 20 20 200 50 . . . 100 340 80 60 160 100 40 470 . 90 38 100 Purge Threat 1632 | . . . . . . 150 150 . . . . . 275 . . . . . . . 107 . . . . 800 . . 150 . . Squads Dispatched 91 | . 1 1 . . 5 6 . . 6 . 7 . 6 . 9 . . . . 4 4 . . 6 . 7 8 . 6 7 8 Investigation 11 | . . 1 . . . 1 . . 2 . 1 . . . . . . . . 1 2 . . . . 2 1 . . . . Extermination 26 | . . . . . . . . . 2 . 4 . 1 . 3 . . . . 3 . . . 2 . . 1 . 4 5 1 Reinforcement 31 | . 1 . . . 2 2 . . 2 . 1 . 2 . 2 . . . . . 2 . . 4 . 5 1 . 2 2 3 Assault 15 | . . . . . . 3 . . . . . . . . 4 . . . . . . . . . . . 5 . . . 3 Garrison 8 | . . . . . 3 . . . . . 1 . 3 . . . . . . . . . . . . . . . . . 1 Intercept . | . . . . . . . . . . . . . . . . . . . . . . . . . . . . . . . . Searches Triggered . | . . . . . . . . . . . . . . . . . . . . . . . . . . . . . . . . Unchained Authorized 1 | . . . . . . . . . . . . . . . . . . . . . . . . . . . . . . 1 . Construction Impeded 4 | . . . . . 1 1 . . . . . . . . . . . . . . 1 . . 1 . . . . . . . Haulers Reinforced 3 | . . . . . . . . . . . . . . . 1 . . . . . . . . . . 1 . . 1 . . Active Scanning Responses . | . . . . . . . . . . . . . . . . . . . . . . . . . . . . . . . . Cargo Convoy Interrupts 1 | . . . . . . . . . . . . . . . 1 . . . . . . . . . . . . . . . . Stealth | -11 -10 -10 -10 -9 -8 -8 -8 -8 -6 -6 -6 -6 -5 -5 -5 -5 -5 -5 -4 -4 -4 -4 -4 -4 -4 -3 -3 -3 -2 -2 -2 --------- Run | Yrd Mat Min Exi Min Mat Sto Rec Scr Fac Gar Fac Gar Fac Gar Fac Upp Upp War Pro Fac Ext Cet Arc Hub Gar Res Arm Lab Res Qua Sec Distress Signals 28 | . 1 . . . 5 1 . . . . 3 . . . . . . . . . 2 2 . . . 3 5 . 2 1 3 Communications Jammed 199 | . . . . . . . . . 1 . 5 . 28 . 36 . . . . 1 20 . . 40 . 1 36 . 11 2 18 Distress Signals 195 | . . . . . . . . . 1 . 4 . 28 . 36 . . . . 1 20 . . 40 . 1 33 . 11 2 18 Times Spotted 641 | . 20 4 . 24 46 40 5 24 14 36 20 23 16 1 52 1 3 . 3 23 39 8 2 18 24 18 69 . 23 35 50 Peak Tracking Total 23 | . 3 2 . 23 7 9 3 7 3 7 4 6 5 1 11 1 3 . 1 6 5 5 1 3 5 6 13 . 4 5 7 Tactical Retreats 20 | . . . . . 1 2 . . 1 3 . 1 . . 5 . . . . 2 . . . 2 . . . . 2 . 1 Traps | -11 -10 -10 -10 -9 -8 -8 -8 -8 -6 -6 -6 -6 -5 -5 -5 -5 -5 -5 -4 -4 -4 -4 -4 -4 -4 -3 -3 -3 -2 -2 -2 ------- Run | Yrd Mat Min Exi Min Mat Sto Rec Scr Fac Gar Fac Gar Fac Gar Fac Upp Upp War Pro Fac Ext Cet Arc Hub Gar Res Arm Lab Res Qua Sec Traps Triggered 49 | . 1 . . . . 1 . . 3 7 3 9 . 5 . . . . . 3 5 . . 1 7 . 1 . 1 2 . Indirectly . | . . . . . . . . . . . . . . . . . . . . . . . . . . . . . . . . Trap Hack Attempts . | . . . . . . . . . . . . . . . . . . . . . . . . . . . . . . . . Triggered . | . . . . . . . . . . . . . . . . . . . . . . . . . . . . . . . . Disarmed 6 | . . . . . . . . . . . . . . . . . . . . . 6 . . . . . . . . . . Reprogrammed . | . . . . . . . . . . . . . . . . . . . . . . . . . . . . . . . . Reused 2 | . . . . . . . . . . . . . . . . . . . . . . . . . . . . . . 2 . Traps Extracted . | . . . . . . . . . . . . . . . . . . . . . . . . . . . . . . . . Installed 3 | . . . . . . . . . . . . . . . . . . . . . . . . . . . . . . 3 . Triggered 1 | . . . . . . . . . . . . . . . . . . . . . . . . . . . . . . 1 . Most Traps Carried 3 | . . . . . . . . 3 3 3 3 3 3 3 3 3 3 3 3 3 3 3 3 3 3 3 3 3 3 3 . Machines | -11 -10 -10 -10 -9 -8 -8 -8 -8 -6 -6 -6 -6 -5 -5 -5 -5 -5 -5 -4 -4 -4 -4 -4 -4 -4 -3 -3 -3 -2 -2 -2 ---------- Run | Yrd Mat Min Exi Min Mat Sto Rec Scr Fac Gar Fac Gar Fac Gar Fac Upp Upp War Pro Fac Ext Cet Arc Hub Gar Res Arm Lab Res Qua Sec Machines Disabled 142 | . . . . . 3 5 . 4 5 5 5 5 2 5 23 . . . . 2 6 . 1 28 9 2 14 6 3 5 4 Max in Single Turn 12 | . . . . . 1 1 . 1 1 1 2 1 1 1 6 . . . . 1 1 . . 12 1 1 1 1 1 1 1 Garrison Access 7 | . . . . . 1 1 . . . . 1 . . . . . . . . 1 . . . . . 1 . . 1 . 1 Garrison Relay 16 | . . . . . . . . . . 4 . 3 . 5 . . . . . . . . . . 4 . . . . . . Network Hub 2 | . . . . . . . . . . . . . . . . . . . . . . . . 2 . . . . . . . Machines Repaired . | . . . . . . . . . . . . . . . . . . . . . . . . . . . . . . . . Machines Dismantled . | . . . . . . . . . . . . . . . . . . . . . . . . . . . . . . . . Machines Sabotaged . | . . . . . . . . . . . . . . . . . . . . . . . . . . . . . . . . Overloaded Fab Kills . | . . . . . . . . . . . . . . . . . . . . . . . . . . . . . . . . Hacking | -11 -10 -10 -10 -9 -8 -8 -8 -8 -6 -6 -6 -6 -5 -5 -5 -5 -5 -5 -4 -4 -4 -4 -4 -4 -4 -3 -3 -3 -2 -2 -2 --------- Run | Yrd Mat Min Exi Min Mat Sto Rec Scr Fac Gar Fac Gar Fac Gar Fac Upp Upp War Pro Fac Ext Cet Arc Hub Gar Res Arm Lab Res Qua Sec Machines Accessed 161 | . 9 1 5 . 8 12 14 10 10 3 15 1 4 2 4 . . . . 7 13 3 1 5 2 4 4 1 10 9 4 Terminals 100 | . 7 . . . 5 10 6 . 4 3 7 1 2 2 4 . . . . 4 13 3 . 4 2 3 1 . 7 9 3 Fabricators 6 | . . . . . . . . . . . 3 . . . . . . . . . . . . . . . 2 . 1 . . Repair Stations 4 | . 1 . . . 1 1 . . . . 1 . . . . . . . . . . . . . . . . . . . . Recycling Units 14 | . 1 . . . 1 . 6 . 3 . 1 . . . . . . . . 1 . . . . . . 1 . . . . Scanalyzers 8 | . . . . . . . . . 2 . 1 . 1 . . . . . . 1 . . . . . 1 . . 1 . 1 Garrison Access 9 | . . . . . 1 1 . . 1 . 2 . 1 . . . . . . 1 . . . 1 . . . . 1 . . Total Hacks 482 | . 37 1 11 . 21 31 48 57 36 3 34 1 10 3 10 . . . . 8 26 5 4 14 3 17 7 4 26 50 15 Successful 309 | . 23 1 11 . 16 20 42 57 21 1 15 1 8 1 4 . . . . 4 11 3 4 6 1 3 2 4 16 29 5 Failed 172 | . 14 . . . 5 11 6 . 15 2 19 . 1 2 6 . . . . 4 15 2 . 8 2 14 5 . 10 21 10 Catastrophic 32 | . 3 . . . . 3 . . 2 1 2 . . 1 1 . . . . 1 . 2 . 2 2 6 . . 2 4 . Database Lockouts 1 | . . . . . . . . . . . . . 1 . . . . . . . . . . . . . . . . . . Manual 154 | . 20 . 1 . 12 14 21 . 14 . 12 . 6 . 8 . . . . 2 1 1 . 9 . 4 1 . 2 24 2 Terminals 282 | . 29 . . . 13 26 18 . 20 3 15 1 6 3 10 . . . . 4 26 5 . 13 3 11 2 . 15 50 9 Fabricators 9 | . . . . . . . . . . . 3 . . . . . . . . . . . . . . . 4 . 2 . . Repair Stations 15 | . 4 . . . 4 3 . . . . 4 . . . . . . . . . . . . . . . . . . . . Recycling Units 23 | . 4 . . . 1 . 6 . 4 . 6 . . . . . . . . 1 . . . . . . 1 . . . . Scanalyzers 36 | . . . . . . . . . 9 . 4 . 3 . . . . . . 1 . . . . . 6 . . 7 . 6 Garrison Access 16 | . . . . . 3 2 . . 3 . 2 . 1 . . . . . . 2 . . . 1 . . . . 2 . . Terminal Hacks 168 | . 5 1 11 . . 7 27 57 5 1 1 1 . 1 1 . . . . 1 10 3 4 1 1 1 . 4 6 18 1 Record 100 | . . . 10 . . . 24 55 . . . . . . . . . . . . . 3 4 . . . . 4 . . . Part Schematic 1 | . . . . . . . . . . . . . . . . . . . . . . . . . . . . . . 1 . Prototype ID Bank 4 | . . . . . . . . . . . . . . . . . . . . . . . . . . . . . 1 3 . Open Door 15 | . . 1 . . . 3 . 1 . . . 1 . . . . . . . 1 7 . . . . . . . 1 . . Level Access Points 1 | . . . . . . . . . . . . . . . . . . . . . . . . . . . . . . . 1 Branch Access Points 1 | . . . . . . . . . . . . . . . . . . . . . . . . . . . . . 1 . . Emergency Access Points 3 | . 1 . . . . 1 . . . . . . . 1 . . . . . . . . . . . . . . . . . Machine Index 1 | . . . . . . . . . . . . . . . . . . . . . . . . . . . . . . 1 . Terminal Index 2 | . . . . . . . . . 1 . . . . . . . . . . . . . . . . . . . 1 . . Alert Level 5 | . 1 . . . . 1 1 . 1 . 1 . . . . . . . . . . . . . . . . . . . . Unreport Threat 4 | . . . . . . 1 1 . . . . . . . . . . . . . 1 . . . . . . . 1 . . Locate Traps 5 | . 1 . . . . . . . . . . . . . 1 . . . . . . . . 1 . 1 . . . 1 . Disarm Traps 1 | . . . . . . . . . . . . . . . . . . . . . 1 . . . . . . . . . . Dispatch Records 1 | . . . . . . . . . . . . . . . . . . . . . . . . . . . . . . 1 . Maintenance Status 2 | . . . . . . . . . . . . . . . . . . . . . . . . . . . . . . 2 . Security Status 2 | . 1 . . . . . . . . . . . . . . . . . . . . . . . . . . . . 1 . Surveillance Status 1 | . . . . . . . . . . . . . . . . . . . . . . . . . . . . . . 1 . Transport Status 1 | . . . . . . . . . . . . . . . . . . . . . . . . . . . . . . 1 . Investigation Status 1 | . . . . . . . . . . . . . . . . . . . . . . . . . . . . . . 1 . Extermination Status 1 | . . . . . . . . . . . . . . . . . . . . . . . . . . . . . . 1 . Recall Extermination 1 | . . . . . . . . . . . . . . . . . . . . . . . . . . . . . . 1 . Recall Reinforcements 2 | . . . . . . 1 . . . . . . . . . . . . . . . . . . . . . . 1 . . Hauler Manifests 4 | . 1 . . . . . 1 . 1 . . . . . . . . . . . . . . . . . . . . 1 . Registered Components 1 | . . . . . . . . . . . . . . . . . . . . . . . . . . . . . . 1 . Registered Prototypes 1 | . . . . . . . . . 1 . . . . . . . . . . . . . . . . . . . . . . Zone Layout 3 | . . . . . . . . . 1 . . . . . . . . . . . 1 . . . . . . . . 1 . Patrol Navigation 1 | . . . . . . . . . . 1 . . . . . . . . . . . . . . . . . . . . . Security Stations 1 | . . . . . . . . . . . . . . . . . . . . . . . . . 1 . . . . . . Proto ID Catalog 2 | . . . 1 . . . . 1 . . . . . . . . . . . . . . . . . . . . . . . Fabricator Hacks 3 | . . . . . . . . . . . 1 . . . . . . . . . . . . . . . 1 . 1 . . Network Status 2 | . . . . . . . . . . . 1 . . . . . . . . . . . . . . . 1 . . . . Build 1 | . . . . . . . . . . . . . . . . . . . . . . . . . . . . . 1 . . Repair Station Hacks 12 | . 4 . . . 4 2 . . . . 2 . . . . . . . . . . . . . . . . . . . . Scan Component 6 | . 2 . . . 2 1 . . . . 1 . . . . . . . . . . . . . . . . . . . . Repair 6 | . 2 . . . 2 1 . . . . 1 . . . . . . . . . . . . . . . . . . . . Recycling Unit Hacks 7 | . 2 . . . 1 . . . . . 4 . . . . . . . . . . . . . . . . . . . . Process 1 | . . . . . . . . . . . 1 . . . . . . . . . . . . . . . . . . . . Report Inventory 3 | . 1 . . . 1 . . . . . 1 . . . . . . . . . . . . . . . . . . . . Retrieve Matter 3 | . 1 . . . . . . . . . 2 . . . . . . . . . . . . . . . . . . . . Scanalyzer 21 | . . . . . . . . . 7 . 1 . 2 . . . . . . . . . . . . 2 . . 5 . 4 Insert Component 5 | . . . . . . . . . 1 . . . . . . . . . . . . . . . . 1 . . 1 . 2 Retrieve Study 16 | . . . . . . . . . 6 . 1 . 2 . . . . . . . . . . . . 1 . . 4 . 2 Garrison Access Hacks 11 | . . . . . 1 1 . . 1 . 2 . 1 . . . . . . 2 . . . 1 . . . . 2 . . Unlock Access 4 | . . . . . . . . . 1 . 1 . 1 . . . . . . . . . . 1 . . . . . . . Seal Access 5 | . . . . . 1 1 . . . . 1 . . . . . . . . 1 . . . . . . . . 1 . . Coupler Status 2 | . . . . . . . . . . . . . . . . . . . . 1 . . . . . . . . 1 . . Unauthorized Hacks 87 | . 12 . . . 10 10 15 . 8 . 4 . 5 . 3 . . . . 1 1 . . 4 . . 1 . 2 11 . Terminals 77 | . 12 . . . 10 10 9 . 6 . 4 . 5 . 3 . . . . . 1 . . 4 . . . . 2 11 . Track 2 | . . . . . . . . . . . . . . . . . . . . . . . . . . . . . . 2 . Assimilate 4 | . 1 . . . . . . . . . . . 1 . . . . . . . . . . 1 . . . . . 1 . Botnet 31 | . 5 . . . 4 5 3 . 3 . . . 1 . 2 . . . . . 1 . . 2 . . . . 1 4 . Disrupt 2 | . . . . . . . . . . . . . . . . . . . . . . . . . . . . . . 2 . Operators 7 | . 1 . . . 1 . . . . . . . 1 . 1 . . . . . . . . 1 . . . . 1 1 . Skim 31 | . 5 . . . 5 5 6 . 3 . 4 . 2 . . . . . . . . . . . . . . . . 1 . Fabricators . | . . . . . . . . . . . . . . . . . . . . . . . . . . . . . . . . Repair Stations . | . . . . . . . . . . . . . . . . . . . . . . . . . . . . . . . . Recycling Units 10 | . . . . . . . 6 . 2 . . . . . . . . . . 1 . . . . . . 1 . . . . Tunnel 6 | . . . . . . . 6 . . . . . . . . . . . . . . . . . . . . . . . . Scrapoids 4 | . . . . . . . . . 2 . . . . . . . . . . 1 . . . . . . 1 . . . . Scanalyzers . | . . . . . . . . . . . . . . . . . . . . . . . . . . . . . . . . Garrison Access . | . . . . . . . . . . . . . . . . . . . . . . . . . . . . . . . . Data Cores Recovered 5 | . . . . . . . . . 1 . . . . . 1 . . . . . 1 . . . . . . . 1 1 . Used 1 | . . . . . . . . . . . . . . . . . . . . . . . . . . . . . . 1 . Hacking Detections 107 | . 7 . . . 6 10 6 . 7 2 13 1 3 2 4 . . . . 5 8 3 . 4 1 4 2 . 8 9 2 Full Trace Events 3 | . . . . . . . . . . . 1 . . . . . . . . . 2 . . . . . . . . . . Feedback Events . | . . . . . . . . . . . . . . . . . . . . . . . . . . . . . . . . Feedback Blocked . | . . . . . . . . . . . . . . . . . . . . . . . . . . . . . . . . Robot Schematics Acquired . | . . . . . . . . . . . . . . . . . . . . . . . . . . . . . . . . Robots Built 2 | . . . . . . . . . . . . . . . . . . . . . . . . . . . . . 2 . . Authchips . | . . . . . . . . . . . . . . . . . . . . . . . . . . . . . . . . Time 93 | . . . . . . . . . . . . . . . . . . . . . . . . . . . . . 93 . . Total Robot Build Rating 14 | . . . . . . . . . . . . . . . . . . . . . . . . . . . . . 14 . . Part Schematics Acquired 1 | . . . . . . . . . . . . . . . . . . . . . . . . . . . . . . 1 . Parts Built . | . . . . . . . . . . . . . . . . . . . . . . . . . . . . . . . . Authchips . | . . . . . . . . . . . . . . . . . . . . . . . . . . . . . . . . Time . | . . . . . . . . . . . . . . . . . . . . . . . . . . . . . . . . Total Part Build Rating . | . . . . . . . . . . . . . . . . . . . . . . . . . . . . . . . . Part Studies Acquired 16 | . . . . . . . . . 6 . 1 . 2 . . . . . . . . . . . . 1 . . 4 . 2 Parts Repaired 6 | . 2 . . . 2 1 . . . . 1 . . . . . . . . . . . . . . . . . . . . Time 238 | . 52 . . . 82 60 . . . . 44 . . . . . . . . . . . . . . . . . . . . Parts Recycled . | . . . . . . . . . . . . . . . . . . . . . . . . . . . . . . . . Recycled Matter 113 | . . . . . . . . . . . 113 . . . . . . . . . . . . . . . . . . . . Retrieved Matter . | . . . . . . . . . . . . . . . . . . . . . . . . . . . . . . . . Retrieved Components . | . . . . . . . . . . . . . . . . . . . . . . . . . . . . . . . . Parts Scanalyzed . | . . . . . . . . . . . . . . . . . . . . . . . . . . . . . . . . Part Schematics Acquired . | . . . . . . . . . . . . . . . . . . . . . . . . . . . . . . . . Parts Damaged . | . . . . . . . . . . . . . . . . . . . . . . . . . . . . . . . . Bothacking | -11 -10 -10 -10 -9 -8 -8 -8 -8 -6 -6 -6 -6 -5 -5 -5 -5 -5 -5 -4 -4 -4 -4 -4 -4 -4 -3 -3 -3 -2 -2 -2 ------------ Run | Yrd Mat Min Exi Min Mat Sto Rec Scr Fac Gar Fac Gar Fac Gar Fac Upp Upp War Pro Fac Ext Cet Arc Hub Gar Res Arm Lab Res Qua Sec Used RIF Installer 5 | . . . . . . . . . . 1 . 2 . 1 . . . . . . . . . . 1 . . . . . . Coupler Efficiency 2 | . . . . . . . . . . . . . . 1 . . . . . . . . . . 1 . . . . . . Hotswap 1 | . . . . . . . . . . . . 1 . . . . . . . . . . . . . . . . . . . Structural Interface 1 | . . . . . . . . . . . . 1 . . . . . . . . . . . . . . . . . . . Robots Hacked 78 | . . . . . . . . . . 4 5 3 7 1 3 1 . . . . 4 . . . 9 4 19 . 1 12 5 Non-combat 17 | . . . . . . . . . . . 4 . 4 . 1 1 . . . . . . . . . 1 5 . 1 . . Combat 61 | . . . . . . . . . . 4 1 3 3 1 2 . . . . . 4 . . . 9 3 14 . . 12 5 Robot Hacks Applied 99 | . . . . . . . . . . 8 6 3 9 1 6 1 . . . . 4 . . . 9 14 19 . 1 13 5 parse_system 7 | . . . . . . . . . . 1 . . . 1 . 1 . . . . 4 . . . . . . . . . . generate_echo 1 | . . . . . . . . . . . 1 . . . . . . . . . . . . . . . . . . . . map_walls 1 | . . . . . . . . . . . 1 . . . . . . . . . . . . . . . . . . . . map_earth 1 | . . . . . . . . . . . . . 1 . . . . . . . . . . . . . . . . . . drop_inventory 1 | . . . . . . . . . . . 1 . . . . . . . . . . . . . . . . . . . . locate_stockpiles 1 | . . . . . . . . . . . 1 . . . . . . . . . . . . . . . . . . . . purge_threat 13 | . . . . . . . . . . . . . 2 . . . . . . . . . . . . 11 . . . . . reprogram_traps 1 | . . . . . . . . . . . . . . . . . . . . . . . . . . . . . 1 . . block_reporting 1 | . . . . . . . . . . . . . . . . . . . . . . . . . . . 1 . . . . map_route 1 | . . . . . . . . . . . 1 . . . . . . . . . . . . . . . . . . . . scatter_targeting 1 | . . . . . . . . . . 1 . . . . . . . . . . . . . . . . . . . . . mark_system 1 | . . . . . . . . . . 1 . . . . . . . . . . . . . . . . . . . . . disrupt_area 1 | . . . . . . . . . . . . . . . . . . . . . . . . . . . 1 . . . . spike_heat 2 | . . . . . . . . . . 1 . . . . . . . . . . . . . . . . 1 . . . . amplify_resonance 3 | . . . . . . . . . . . . . . . 1 . . . . . . . . . . . . . . 2 . wipe_record 1 | . . . . . . . . . . . . . . . . . . . . . . . . . . . . . . . 1 disable_weapons 2 | . . . . . . . . . . . . . 1 . . . . . . . . . . . . . . . . 1 . reboot_system 1 | . . . . . . . . . . . . 1 . . . . . . . . . . . . . . . . . . . overwrite_iff 15 | . . . . . . . . . . 3 . 2 . . 1 . . . . . . . . . 2 2 4 . . 1 . streamctrl_high 1 | . . . . . . . . . . . . . . . 1 . . . . . . . . . . . . . . . . formatsys_low 4 | . . . . . . . . . . . . . 2 . . . . . . . . . . . . . 2 . . . . formatsys_high 38 | . . . . . . . . . . 1 1 . 3 . 2 . . . . . . . . . 7 1 10 . . 9 4 formatsys_deep 1 | . . . . . . . . . . . . . . . 1 . . . . . . . . . . . . . . . . Relay Couplers Released 74 | . . . . . . . . . . 17 . 11 . 25 . . . . . . . . . . 16 1 . . 2 . 2 Machine Destruction 70 | . . . . . . . . . . 17 . 11 . 21 . . . . . . . . . . 16 1 . . 2 . 2 Programmers 4 | . . . . . . . . . . . . . . 4 . . . . . . . . . . . . . . . . . Attached 31 | . . . . . . . . . . 2 3 3 4 1 3 . . . . . . . . . 5 2 5 . . 2 1 Fabnet Peak Effective % . | . . . . . . . . . . . . . . . . . . . . . . . . . . . . . . . . Robots Rewired 54 | . . . 5 . . . 7 . . . . 5 . 6 . . . . . . 20 . . . 1 . 10 . . . . Allies Hacked 6 | . . . . . . . . . . . . 1 . . . . . . . . . . . . . . 3 . . 2 . Hacks Repelled . | . . . . . . . . . . . . . . . . . . . . . . . . . . . . . . . . Allies | -11 -10 -10 -10 -9 -8 -8 -8 -8 -6 -6 -6 -6 -5 -5 -5 -5 -5 -5 -4 -4 -4 -4 -4 -4 -4 -3 -3 -3 -2 -2 -2 -------- Run | Yrd Mat Min Exi Min Mat Sto Rec Scr Fac Gar Fac Gar Fac Gar Fac Upp Upp War Pro Fac Ext Cet Arc Hub Gar Res Arm Lab Res Qua Sec Total Allies 178 | . 1 5 5 . . 12 7 . 10 3 1 7 6 8 7 . . . . 5 33 5 . . 12 3 31 . 2 11 4 Largest Group 16 | . 1 6 8 8 . 10 14 13 5 2 1 5 5 10 9 3 . . . 5 15 16 14 8 7 7 8 5 7 5 3 Highest-Rated Group 967 | . 10 93 108 108 . 173 213 186 143 56 32 167 120 415 403 128 . . . 235 704 967 869 623 423 423 482 367 429 344 344 Highest-Rated Ally 344 | . 10 31 31 21 . 31 29 18 31 32 32 51 49 80 93 76 . . . 47 159 159 96 96 119 119 110 89 89 344 344 Total Orders 156 | . 2 . . . . 3 4 6 7 4 8 1 10 5 15 5 . . . 7 . 1 . 3 17 6 16 1 21 5 9 STAY 84 | . 1 . . . . 1 . 4 5 1 5 1 5 2 8 2 . . . 6 . . . 2 8 4 9 1 12 2 5 FOLLOW 59 | . 1 . . . . . . 2 2 3 3 . 5 3 5 1 . . . 1 . . . 1 9 2 7 . 9 2 3 GUARD 2 | . . . . . . . . . . . . . . . . . . . . . . . . . . . . . . 1 1 AID 1 | . . . . . . . . . . . . . . . . . . . . . . 1 . . . . . . . . . DROP 2 | . . . . . . . . . . . . . . . 1 1 . . . . . . . . . . . . . . . COLLECT 6 | . . . . . . . 4 . . . . . . . 1 1 . . . . . . . . . . . . . . . EXPLORE 1 | . . . . . . 1 . . . . . . . . . . . . . . . . . . . . . . . . . RETURN 1 | . . . . . . 1 . . . . . . . . . . . . . . . . . . . . . . . . . Ally Attacks 1291 | . . 5 . 25 . 20 44 52 66 19 10 32 15 8 98 6 . . . 59 191 80 30 83 25 71 206 . 63 36 47 Total Damage 35246 | . . 52 . 245 . 234 647 730 1377 549 382 763 501 192 2525 84 . . . 1195 5068 1901 985 3227 1095 2454 5948 . 1426 992 2674 Kills 219 | . . 2 . 4 . 2 4 9 12 3 2 8 4 1 22 . . . . 8 35 9 5 11 6 24 20 . 10 4 14 Allies Corrupted 7 | . . . . . . . . . . . . . . . 2 . . . . 1 . . . . . . 1 . 1 2 . Allies Melted 12 | . . . . . . . . 7 . . . . . . . . . . . . . . 1 1 . . 1 . 1 . 1 Intel | -11 -10 -10 -10 -9 -8 -8 -8 -8 -6 -6 -6 -6 -5 -5 -5 -5 -5 -5 -4 -4 -4 -4 -4 -4 -4 -3 -3 -3 -2 -2 -2 ------- Run | Yrd Mat Min Exi Min Mat Sto Rec Scr Fac Gar Fac Gar Fac Gar Fac Upp Upp War Pro Fac Ext Cet Arc Hub Gar Res Arm Lab Res Qua Sec Active Infowar (turns) 36051 | 9 1379 519 744 54 1728 1839 1005 3384 1182 1427 2399 1179 839 1197 1210 1183 1377 60 1263 964 1387 602 165 999 1569 853 1402 839 1587 1087 620 Optics 1208 | . . . . . 301 . . . . . . . . . . . . . . . . . . . 124 783 . . . . . IFF 12742 | . . . . . . . . . . . 28 85 830 52 1084 1142 1377 60 1263 867 612 . . 901 . 60 1143 789 1400 1049 . Terrain 5076 | . . . . . . . . . . . . . . . 300 . 502 60 35 . . . . . . 786 797 839 1188 346 223 Structural 152 | . . . . . . . . . . . . 1 151 . . . . . . . . . . . . . . . . . . Seismic 13763 | 9 1379 519 744 54 1658 1839 1005 3384 1182 814 1176 . . . . . . . . . . . . . . . . . . . . T.N.C. 2 | . . . . . . . . . 2 . . . . . . . . . . . . . . . . . . . . . . Machine Analysis 1 | . . . . . . 1 . . . . . . . . . . . . . . . . . . . . . . . . . Cloaking 126 | . . . . . . . . . . . . . . . . . . . . . . . . . . . . . . . 126 Spoofing 1 | . . . . . . . . . . . . . . . 1 . . . . . . . . . . . . . . . . Jamming 24486 | . . . . . . . . . 771 1427 2399 1179 726 1197 1210 1183 1377 60 1263 964 1387 602 165 999 1569 853 1368 839 1406 1087 455 Robot Analysis Total . | . . . . . . . . . . . . . . . . . . . . . . . . . . . . . . . . Derelict Logs Recovered 6 | . . 1 . . . . . . . . . . . . . 2 1 . 2 . . . . . . . . . . . . Drone Launches 1 | . . . . . . 1 . . . . . . . . . . . . . . . . . . . . . . . . . Drone Recoveries 1 | . . . . . . 1 . . . . . . . . . . . . . . . . . . . . . . . . . Exploration | -11 -10 -10 -10 -9 -8 -8 -8 -8 -6 -6 -6 -6 -5 -5 -5 -5 -5 -5 -4 -4 -4 -4 -4 -4 -4 -3 -3 -3 -2 -2 -2 ------------- Run | Yrd Mat Min Exi Min Mat Sto Rec Scr Fac Gar Fac Gar Fac Gar Fac Upp Upp War Pro Fac Ext Cet Arc Hub Gar Res Arm Lab Res Qua Sec Turns Passed 37481 | 74 1456 519 744 54 1919 1971 1005 3604 1220 1453 2399 1179 839 1197 1210 1183 1377 60 1263 964 1387 602 165 999 1569 853 1416 839 1610 1482 869 Spaces Moved 19637 | 38 753 299 471 21 865 831 525 2256 677 755 1241 539 479 659 568 653 686 37 722 552 714 255 83 556 824 473 713 215 976 763 438 Core 6 | 6 . . . . . . . . . . . . . . . . . . . . . . . . . . . . . . . Treads 1219 | 32 753 299 74 . 61 . . . . . . . . . . . . . . . . . . . . . . . . . . Legs . | . . . . . . . . . . . . . . . . . . . . . . . . . . . . . . . . Wheels 18412 | . . . 397 21 804 831 525 2256 677 755 1241 539 479 659 568 653 686 37 722 552 714 255 83 556 824 473 713 215 976 763 438 Hover . | . . . . . . . . . . . . . . . . . . . . . . . . . . . . . . . . Flight . | . . . . . . . . . . . . . . . . . . . . . . . . . . . . . . . . Fastest Speed 50 | 50 160 160 115 145 145 160 135 105 140 135 147 150 150 165 165 165 165 165 165 135 135 135 147 135 135 128 120 120 130 130 140 Average Speed 150 | 147 160 160 147 145 161 165 155 147 153 144 153 156 150 165 165 165 165 165 165 139 135 136 147 142 145 151 126 129 130 144 145 Slowest Speed 240 | 160 160 160 160 145 240 185 185 170 170 147 165 165 165 165 165 165 165 165 165 145 135 147 147 147 159 180 210 130 130 170 200 Overloaded Moves . | . . . . . . . . . . . . . . . . . . . . . . . . . . . . . . . . Propulsion Burnouts . | . . . . . . . . . . . . . . . . . . . . . . . . . . . . . . . . Robots Hopped . | . . . . . . . . . . . . . . . . . . . . . . . . . . . . . . . . Potential Cave-ins 2 | . . . . . . . . . . . . . . . . . . . . . . . . . . . . . . 2 . Cave-ins Triggered 1 | . . . . . . . . . . . . . . . . . . . . . . . . . . . . . 1 . . Teleports 5 | . . . . . . . . . . . . . . . . . . . . . . . . . . . . . . 1 4 Exploration Rate (%) 57 | 3 99 67 93 18 62 95 99 91 20 56 31 52 20 91 18 84 78 10 85 18 82 76 79 37 93 15 56 93 27 72 26 Regions Visited 31 Branch Regions 18 Pre-discovered Areas 18 | . . 1 1 . 1 . 9 5 . . . . . . . . . . 1 . . . . . . . . . . . . Known Exits Taken 15 | . . . . 1 1 1 1 1 1 . 1 . 1 . 1 1 1 . 1 . . . . 1 . 1 . . 1 . . Unknown Exits Taken 12 | 1 1 1 1 . . . . . . . . . . . . . . 1 . 1 1 1 1 . . . 1 1 . 1 . Scrap Searched 13 | . . 1 . . . . . 3 . . . . . . . 3 4 . 2 . . . . . . . . . . . . Spaces Dug 192 | . 1 . . . 8 8 . 15 4 13 45 1 . . 8 10 29 . . 4 1 . . 7 1 2 6 . 9 17 3 Terrain Destroyed 1191 | . 1 . . 21 62 59 . 48 4 44 134 3 16 . 62 11 85 . 1 8 5 . . 342 12 2 103 . 40 88 40 Melee 26 | . . . . . 8 8 . 3 4 3 . . . . . . . . . . . . . . . . . . . . . Projectile 238 | . 1 . . . 6 1 . . . 5 45 3 . . 14 11 17 . 1 7 5 . . 13 12 2 24 . 40 23 8 AOE 926 | . . . . 21 48 50 . 45 . 36 89 . 16 . 48 . 68 . . . . . . 329 . . 79 . . 65 32 Terrain Rammed . | . . . . . . . . . . . . . . . . . . . . . . . . . . . . . . . . Walls Destroyed . | . . . . . . . . . . . . . . . . . . . . . . . . . . . . . . . . Machines Disabled . | . . . . . . . . . . . . . . . . . . . . . . . . . . . . . . . . Actions | -11 -10 -10 -10 -9 -8 -8 -8 -8 -6 -6 -6 -6 -5 -5 -5 -5 -5 -5 -4 -4 -4 -4 -4 -4 -4 -3 -3 -3 -2 -2 -2 --------- Run | Yrd Mat Min Exi Min Mat Sto Rec Scr Fac Gar Fac Gar Fac Gar Fac Upp Upp War Pro Fac Ext Cet Arc Hub Gar Res Arm Lab Res Qua Sec Total 25910 | 51 934 323 522 34 1246 1259 705 2482 822 1012 1621 761 581 768 772 745 908 36 783 702 1069 507 123 717 1110 604 1084 745 1223 1041 620 Wait 3326 | 2 101 12 5 1 169 278 110 117 67 59 190 57 41 34 104 43 181 . 45 60 163 228 36 112 100 76 144 476 115 117 83 Move 19610 | 37 752 298 470 20 864 830 524 2255 677 754 1241 538 479 658 567 652 685 36 721 551 713 254 82 556 823 472 712 214 975 762 438 Hop . | . . . . . . . . . . . . . . . . . . . . . . . . . . . . . . . . Pick Up 309 | 4 12 1 4 1 42 11 4 38 11 24 13 13 9 13 4 5 . . 1 6 1 5 . 1 23 7 9 6 17 12 12 Fast Attach 134 | 7 8 . . . 8 2 . 2 7 6 9 7 5 5 7 1 1 . 1 4 1 1 . 1 7 6 11 6 4 7 10 Attach 123 | . . . . . 7 4 1 8 3 8 9 5 7 3 2 4 . . . 2 1 2 . . 9 3 9 . 7 14 15 Detach 87 | . 1 . . . 4 2 3 2 3 5 8 3 5 3 5 3 1 . . 4 2 1 . . 8 5 8 1 1 4 5 Swap 465 | . 11 1 2 2 40 44 5 17 15 17 25 14 10 2 25 8 12 . 4 16 25 6 . 15 25 7 55 3 34 15 10 Drop 291 | . 12 2 1 . 34 13 2 18 18 21 20 16 9 17 7 7 1 . 3 11 1 8 . 3 15 9 13 9 13 6 2 Fire 1138 | 1 37 9 . 10 66 62 3 19 10 65 90 65 16 21 51 22 27 . 8 32 66 2 5 29 67 19 121 30 49 93 43 Melee 46 | . . . . . 12 12 . 5 11 6 . . . . . . . . . . . . . . . . . . . . . Ram 1 | . . . . . . . 1 . . . . . . . . . . . . . . . . . . . . . . . . Kick . | . . . . . . . . . . . . . . . . . . . . . . . . . . . . . . . . Crush . | . . . . . . . . . . . . . . . . . . . . . . . . . . . . . . . . Escape Stasis 207 | . . . . . . . . . . 47 16 40 . . . . . . . 16 40 . . . 32 . . . 8 8 . Rewire 170 | . . . 40 . . 1 52 1 . . . 3 . 12 . . . . . . 56 . . . 1 . 2 . . . 2 Trap 3 | . . . . . . . . . . . . . . . . . . . . . . . . . . . . . . 3 . Miscellaneous . | . . . . . . . . . . . . . . . . . . . . . . . . . . . . . . . . Route ------- -11/Scrapyard -10/Materials (discovered 6 exits: *Mat x3 / *Min x2 / *Sub) -10/Mines (discovered 4 exits: Mat x2 / *Exi / Sub) -10/Exiles (discovered 2 exits: [*Min x2]) -9/Mines (discovered 2 exits: *Mat x2) -8/Materials (discovered 5 exits: *Fac x3 / *Sto x2) -8/Storage (discovered 2 exits: *Fac / *Rec) -8/Recycling (discovered 2 exits: *Fac / *Scr) -8/Scraptown (discovered 2 exits: *Fac x2) -6/Factory (discovered 7 exits: *Fac x4 / Low x2 / Gar) -6/Garrison (discovered 2 exits: *Fac x2) -6/Factory (discovered 7 exits: Fac x4 / *Low x2 / Gar) -6/Garrison -5/Factory (discovered 3 exits: *Fac / Upp / Gar) -5/Garrison (discovered 3 exits: *Fac x3) -5/Factory -5/Upper Caves (discovered 2 exits: *Upp / *War) -5/Upper Caves (discovered 2 exits: *Fac / *War) -5/Warlord -4/Proximity Caves -4/Factory (discovered 4 exits: Res x3 / *Ext) -4/Extension (discovered 2 exits: *Res / *Cet) -4/Cetus (discovered 3 exits: *Res x2 / *Arc) -4/Archives (discovered 2 exits: *Hub x2) -4/Hub_04(d) -4/Garrison (discovered 3 exits: *Res x3) -3/Research -3/Armory -3/Lab -2/Research (discovered 5 exits: Acc x3 / *Qua x2) -2/Quarantine (discovered 2 exits: *Sec / [*Frg]) -2/Section 7 (discovered 1 exit: Acc) History --------- Turn | Location | Event 47 | -11/Scrapyard | Discovered new exit (range 15) 75 | -11/Scrapyard | Entered Materials 361 | -10/Materials | Build established: Mutant 381 | -10/Materials | Discovered new exit (range 9) 537 | -10/Materials | Discovered new exit (range 6) 623 | -10/Materials | Repaired Lgt. Treads 649 | -10/Materials | Repaired Lgt. Treads 687 | -10/Materials | Discovered new exit (range 8) 772 | -10/Materials | Discovered new exit (range 6) 802 | -10/Materials | Discovered new exit (range 16) 1155 | -10/Materials | Learned Storage stockpile data 1194 | -10/Materials | Learned location of 1 exit from Recycling 1225 | -10/Materials | Identified exit to Subcaves 1225 | -10/Materials | Learned location of 2 exits from Materials 1247 | -10/Materials | Loaded intel: 19 trap records 1268 | -10/Materials | Learned Materials stockpile data 1284 | -10/Materials | Learned location of 1 exit from Storage 1307 | -10/Materials | Loaded intel: 2 recycling unit locations 1531 | -10/Materials | Entered Mines 1531 | -10/Mines | Accompanied by 1 ally 1532 | -10/Mines | Identified exit to Materials 1594 | -10/Mines | Assisted by bots powering up and referring to "LRC-V3" 1656 | -10/Mines | Deemed a non-threat by the Exiles lab entrance 1656 | -10/Mines | Discovered new exit (range 5) 1747 | -10/Mines | A weapon hastily lodged in a ceiling crevice suddenly fell to the ground 1834 | -10/Mines | Found DCF Scrap (13 items) 1887 | -10/Mines | Learned location of Storage (-8) 1897 | -10/Mines | Build established: Commander-Mutant 1940 | -10/Mines | Met a Derelict shopkeep closing up shop 2050 | -10/Mines | Entered Exiles 2050 | -10/Exiles | Found Exiles lab destroyed 2050 | -10/Exiles | Accompanied by 4 allies 2071 | -10/Exiles | Discovered new exit (range 15) 2080 | -10/Exiles | Led the pair of lost Derelicts to a safe place 2454 | -10/Exiles | Learned location of Zion (-7) 2620 | -10/Exiles | Opened EX-Vault 2626 | -10/Exiles | Found Gui. Plasma Cannon 2769 | -10/Exiles | Discovered new exit (range 14) 2794 | -10/Exiles | Entered Mines 2794 | -9/Mines | Accompanied by 8 allies 2795 | -9/Mines | Assembled infested the area 2795 | -9/Mines | Identified exit to Materials 2797 | -9/Mines | Discovered exit to Materials (range 14) 2800 | -9/Mines | Assisted by a Guerilla fighting off Assembled 2802 | -9/Mines | Core integrity fell below 50% 2835 | -9/Mines | Lost 7 allies 2837 | -9/Mines | Destroyed 21 combat bots 2848 | -9/Mines | Entered Materials 2848 | -8/Materials | Evolved 4 slots: Utility x2, Weapon x2 2849 | -8/Materials | Identified exit to Storage 2849 | -8/Materials | Identified exit to Factory 3045 | -8/Materials | Discovered exit to Storage (range 4) 3149 | -8/Materials | Discovered exit to Factory (range 3) 3224 | -8/Materials | Build established: Tank 3415 | -8/Materials | Destroyed 7 combat bots 3472 | -8/Materials | Garrison activated, responded to threat 3528 | -8/Materials | Build established: Scavenger-Tank 3716 | -8/Materials | Repaired Hrd. Medium Armor Plating 4027 | -8/Materials | Build established: Tank 4138 | -8/Materials | Discovered exit to Factory (range 6) 4181 | -8/Materials | Learned location of 2 exits from Factory 4243 | -8/Materials | Repaired Gauss Rifle 4327 | -8/Materials | Learned Factory non-interactive machine intel 4388 | -8/Materials | Learned Factory fabricator intel 4437 | -8/Materials | Learned 4 Factory zone layouts 4477 | -8/Materials | Learned Recycling recycling unit intel 4528 | -8/Materials | Learned location of 2 exits from Factory 4588 | -8/Materials | Learned 2 Storage zone layouts 4767 | -8/Materials | Entered Storage 4906 | -8/Storage | Found Prototype Protection 4906 | -8/Storage | Identified Lgt. Regenerative Plating 5397 | -8/Storage | Build established: Gunner 5471 | -8/Storage | Met a pair of Derelict thieves 5736 | -8/Storage | Destroyed 8 combat bots 5987 | -8/Storage | Repaired Hvy. EM Shotgun 6256 | -8/Storage | Learned Recycling recycling unit intel 6333 | -8/Storage | Identified exit to Recycling 6367 | -8/Storage | First assault squad dispatched 6400 | -8/Storage | Learned 4 Factory zone layouts 6459 | -8/Storage | Learned Recycling recycling unit intel 6507 | -8/Storage | Learned location of 1 exit from Recycling 6514 | -8/Storage | Assisted by bots powering up and referring to "LRC-V3" 6546 | -8/Storage | Learned location of 2 exits from Lower Caves 6592 | -8/Storage | Used back door to open Recycling access 6597 | -8/Storage | Learned location of 3 exits from Factory 6657 | -8/Storage | Learned location of 2 exits from Factory 6726 | -8/Storage | Learned location of 3 exits from Factory 6738 | -8/Storage | Entered Recycling 6738 | -8/Recycling | Accompanied by 10 allies 6739 | -8/Recycling | Identified exit to Factory 6739 | -8/Recycling | Identified exit to Scraptown 6740 | -8/Recycling | Loaded intel: 6 recycling unit locations 6781 | -8/Recycling | Build established: Commander-Gunner 7070 | -8/Recycling | P-60 Hacker assimilated allied Trooper 3i 7108 | -8/Recycling | Learned 2 Storage zone layouts 7176 | -8/Recycling | Learned Storage stockpile data 7278 | -8/Recycling | Learned location of 1 exit from Lower Caves 7315 | -8/Recycling | Learned location of 2 exits from Lower Caves 7343 | -8/Recycling | Learned location of 1 exit from Recycling 7395 | -8/Recycling | Learned Factory emergency access door positions 7438 | -8/Recycling | Learned location of Lower Caves (-7) 7556 | -8/Recycling | Learned 8 Factory zone layouts 7656 | -8/Recycling | Scanned before Scraplab entrance 7681 | -8/Recycling | Entered Scraplab 7743 | -8/Recycling | Entered Scraptown 7743 | -8/Scraptown | Accompanied by 13 allies 7743 | -8/Scraptown | System corruption cleaned by C-Scrubber 7964 | -8/Scraptown | Visited SPCMW 8329 | -8/Scraptown | Discovered exit to Factory (range 9) 8419 | -8/Scraptown | Visited Scrapoid Research Area 8453 | -8/Scraptown | Visited Spacefarers 8556 | -8/Scraptown | Visited Comm Corps 8625 | -8/Scraptown | Visited Cyclists 8685 | -8/Scraptown | Visited Red Mages 8732 | -8/Scraptown | Found Relay Coupler [Proto] 8734 | -8/Scraptown | Found Relay Coupler [Proto] 8924 | -8/Scraptown | Visited UFD Registry 8924 | -8/Scraptown | Registered with UFD as "Flashnade" 9041 | -8/Scraptown | Entered Cyclist Reading Room 9148 | -8/Scraptown | Visited Science Guys 9205 | -8/Scraptown | Visited Derelict Rescue Squad 9215 | -8/Scraptown | Found DRS Beacon 9243 | -8/Scraptown | Visited Botcube Research 9258 | -8/Scraptown | Found Botcube 9507 | -8/Scraptown | Visited Sword Containment 9529 | -8/Scraptown | Visited Scrap Suit Storage 9570 | -8/Scraptown | Visited A0-MCA Data Center 9579 | -8/Scraptown | Given an A- rating by A0-MCA 9585 | -8/Scraptown | Found A0-MCA's Component Scanner 9605 | -8/Scraptown | Visited Infowarlord's Domain 9653 | -8/Scraptown | Visited Chapter 10 9722 | -8/Scraptown | Visited Cartography Club 9961 | -8/Scraptown | Learned location of Warlord (-5) 9961 | -8/Scraptown | Learned location of Hub_04(d) (-4) 9961 | -8/Scraptown | Learned 12 Materials zone layouts 9961 | -8/Scraptown | Learned 20 Factory zone layouts 9961 | -8/Scraptown | Learned 24 Factory zone layouts 9961 | -8/Scraptown | Learned 4 Recycling zone layouts 9961 | -8/Scraptown | Learned 8 Lower Caves zone layouts 9961 | -8/Scraptown | Learned 20 Upper Caves zone layouts 9961 | -8/Scraptown | Learned 8 Proximity Caves zone layouts 9961 | -8/Scraptown | Learned 12 Proximity Caves zone layouts 9961 | -8/Scraptown | Learned 16 Proximity Caves zone layouts 9961 | -8/Scraptown | Learned 4 Hub_04(d) zone layouts 9961 | -8/Scraptown | Learned location of 2 exits from Lower Caves 9961 | -8/Scraptown | Learned location of 2 exits from Proximity Caves 10000 | -8/Scraptown | Found Deep Structural Scanner 10282 | -8/Scraptown | Discovered exit to Factory (range 5) 10399 | -8/Scraptown | Found Prototype Slashing Weapon 10399 | -8/Scraptown | Identified Companion Sword 10614 | -8/Scraptown | Found Exp. Terrain Scanner 10848 | -8/Scraptown | Met Optimus 10848 | -8/Scraptown | Accepted into 0bPrime 11045 | -8/Scraptown | Civil war broke out across Scraptown 11054 | -8/Scraptown | Found System Spiker 11097 | -8/Scraptown | Lost 4 allies 11158 | -8/Scraptown | Lost 4 allies 11180 | -8/Scraptown | Found Prototype Processor 11260 | -8/Scraptown | Lost 5 allies 11345 | -8/Scraptown | System corruption cleaned by C-Scrubber 11346 | -8/Scraptown | Destroyed 11 combat bots 11347 | -8/Scraptown | Entered Factory 11347 | -6/Factory | Evolved 4 slots: Utility x4 11348 | -6/Factory | Identified exit to Lower Caves 11348 | -6/Factory | Identified exit to Factory 11351 | -6/Factory | Loaded intel: 288 non-interactive machine locations 11352 | -6/Factory | Loaded intel: 6 fabricator locations 11594 | -6/Factory | Scrapoid reinforcements arrived 11681 | -6/Factory | Build established: Scavenger-Tank 12005 | -6/Factory | Found Scrap Suit 12016 | -6/Factory | Identified Expert System 12306 | -6/Factory | Build established: Scavenger-Mutant 12433 | -6/Factory | Spotted B-75 Beast 12527 | -6/Factory | Scrapoids reinforcements arrived? 12567 | -6/Factory | Lost 3 allies 12567 | -6/Factory | Identified exit to Garrison 12567 | -6/Factory | Entered Garrison 12567 | -6/Garrison | Accompanied by 2 allies 12583 | -6/Garrison | Triggered checkpoint 12625 | -6/Garrison | Triggered checkpoint 12907 | -6/Garrison | Build established: Scavenger-Tank 13149 | -6/Garrison | Triggered checkpoint 13280 | -6/Garrison | Destroyed 7 combat bots 13336 | -6/Garrison | Triggered checkpoint 13424 | -6/Garrison | Installed Relay Interface Framework 13434 | -6/Garrison | Discovered new exit (range 13) 13478 | -6/Garrison | Garrison Relay disabled 13573 | -6/Garrison | Triggered checkpoint 13613 | -6/Garrison | Garrison Relay disabled 13859 | -6/Garrison | Triggered checkpoint 13913 | -6/Garrison | Garrison Relay disabled 13958 | -6/Garrison | Discovered new exit (range 14) 14020 | -6/Garrison | Entered Factory 14020 | -6/Factory | Accompanied by 1 ally 14172 | -6/Factory | Build established: Bothacker-Tank 14957 | -6/Factory | Garrison activated, responded to threat 15849 | -6/Factory | Repaired Arm. Huge Wheel+ 15864 | -6/Factory | Spotted B-75 Beast 16055 | -6/Factory | Build established: Bothacker-Gunner 16419 | -6/Factory | Identified exit to Garrison 16419 | -6/Factory | Entered Garrison 16505 | -6/Garrison | Triggered checkpoint 16571 | -6/Garrison | Triggered checkpoint 16574 | -6/Garrison | Garrison Relay disabled 16824 | -6/Garrison | Build established: Bothacker-Tank 16930 | -6/Garrison | Expanded RIF knowledge: Structural Interface 17047 | -6/Garrison | Triggered checkpoint 17113 | -6/Garrison | Garrison Relay disabled 17267 | -6/Garrison | Triggered checkpoint 17362 | -6/Garrison | Discovered exit to Factory (range 11) 17399 | -6/Garrison | Expanded RIF knowledge: Hotswap 17427 | -6/Garrison | Triggered checkpoint 17450 | -6/Garrison | Garrison Relay disabled 17598 | -6/Garrison | Entered Factory 17598 | -5/Factory | Evolved 2 slots: Utility x2 17599 | -5/Factory | Identified exit to Upper Caves 18225 | -5/Factory | Central database locked down 18371 | -5/Factory | Lost 3 allies 18435 | -5/Factory | Discovered new exit (range 12) 18437 | -5/Factory | Identified exit to Garrison 18437 | -5/Factory | Entered Garrison 18437 | -5/Garrison | Discovered recently destroyed garrison 18437 | -5/Garrison | Accompanied by 2 allies 18491 | -5/Garrison | Garrison Relay disabled 18496 | -5/Garrison | Found embedded Infiltrators 18741 | -5/Garrison | Expanded RIF knowledge: Coupler Efficiency 18812 | -5/Garrison | Discovered new exit (range 12) 18859 | -5/Garrison | Garrison Relay disabled 19012 | -5/Garrison | Garrison Relay disabled 19029 | -5/Garrison | Build established: Botlord-Tank 19201 | -5/Garrison | Discovered new exit (range 10) 19279 | -5/Garrison | Garrison Relay disabled 19416 | -5/Garrison | Found Relay Coupler [Proto] 19419 | -5/Garrison | Found Relay Coupler [Proto] 19423 | -5/Garrison | Found Relay Coupler [Proto] 19427 | -5/Garrison | Found Relay Coupler [Proto] 19445 | -5/Garrison | Build established: Botlord-Gunner 19459 | -5/Garrison | Discovered new exit (range 10) 19488 | -5/Garrison | Garrison Relay disabled 19634 | -5/Garrison | Entered Factory 19634 | -5/Factory | Accompanied by 9 allies 19934 | -5/Factory | First assault squad dispatched 20508 | -5/Factory | Lost 6 allies 20577 | -5/Factory | Discovered exit to Upper Caves (range 6) 20664 | -5/Factory | Cargo convoy interrupted 20687 | -5/Factory | Destroyed 7 combat bots 20795 | -5/Factory | Assimilated Heavy ARC 6a with formatsys_deep 20844 | -5/Factory | Entered Upper Caves 20844 | -5/Upper Caves | Accompanied by 3 allies 20845 | -5/Upper Caves | Identified exit to Upper Caves 20851 | -5/Upper Caves | Lost 3 allies 20932 | -5/Upper Caves | A Derelict revealed a hidden shortcut to "reach the base" 21395 | -5/Upper Caves | Learned Factory stockpile data 21690 | -5/Upper Caves | Spotted B-75 Beast 21712 | -5/Upper Caves | Destroyed B-75 Beast 22027 | -5/Upper Caves | Entered another Upper Caves area 22028 | -5/Upper Caves | Identified exit to Warlord 22041 | -5/Upper Caves | Discovered new exit (range 4) 23404 | -5/Upper Caves | Entered Warlord 23446 | -5/Warlord | Discovered new exit (range 14) 23464 | -5/Warlord | Entered Proximity Caves 23464 | -4/Proximity Caves | Learned Research terminal intel 23465 | -4/Proximity Caves | Identified exit to Factory 23476 | -4/Proximity Caves | Attracted the attention of an 0b10 checkpoint 24727 | -4/Proximity Caves | Entered Factory 24727 | -4/Factory | Evolved 2 slots: Power x1, Propulsion x1 24728 | -4/Factory | Identified exit to Research 25061 | -4/Factory | Scrapoid reinforcements arrived 25166 | -4/Factory | Found Unknown Device 25166 | -4/Factory | Identified Scrap Suit 25464 | -4/Factory | Lost 3 allies 25616 | -4/Factory | Build established: Bothacker-Gunner 25687 | -4/Factory | Discovered new exit (range 5) 25691 | -4/Factory | Entered Extension 26039 | -4/Extension | Rescued a captive Derelict 26114 | -4/Extension | Rescued a captive Derelict 26134 | -4/Extension | Rescued a captive Derelict 26136 | -4/Extension | Rescued a captive Derelict 26144 | -4/Extension | Rescued a captive Derelict 26158 | -4/Extension | Rescued a captive Derelict 26164 | -4/Extension | Rescued A7 26174 | -4/Extension | Rescued a captive Derelict 26191 | -4/Extension | Rescued a captive Derelict 26193 | -4/Extension | Rescued a captive Derelict 26362 | -4/Extension | Spotted B-86 Titan 26384 | -4/Extension | Allies destroyed B-86 Titan 26390 | -4/Extension | Spotted B-86 Titan 26403 | -4/Extension | Allies destroyed B-86 Titan 26508 | -4/Extension | Rescued a captive Derelict 26531 | -4/Extension | Rescued a captive Derelict 26532 | -4/Extension | Rescued a captive Derelict 26697 | -4/Extension | Lost 5 allies 26803 | -4/Extension | Lost 8 allies 26889 | -4/Extension | Lost 3 allies 26956 | -4/Extension | Rescued a captive Derelict 26958 | -4/Extension | Rescued a captive Derelict 27001 | -4/Extension | Discovered exit to Research (range 10) 27013 | -4/Extension | Discovered new exit (range 6) 27015 | -4/Extension | Disrupted transfer network 27078 | -4/Extension | Entered Cetus 27078 | -4/Cetus | Accompanied by 13 allies (A7) 27083 | -4/Cetus | Acquired a Cetus Manufacturing Module code from A7 27100 | -4/Cetus | Spotted Cetus Guard 27108 | -4/Cetus | Spotted Cetus Guard 27112 | -4/Cetus | Destroyed Cetus Guard 27114 | -4/Cetus | Allies destroyed Cetus Guard 27128 | -4/Cetus | Extracted ID and sensor layout for unrecognized location from A7's data core 27210 | -4/Cetus | Discovered exit to Research (range 15) 27324 | -4/Cetus | Started Cetus Manufacturing Module 27349 | -4/Cetus | Manufactured an Enhanced Grunt 27374 | -4/Cetus | Manufactured an Enhanced Grunt 27399 | -4/Cetus | Manufactured an Enhanced Grunt 27424 | -4/Cetus | Manufactured an Enhanced Grunt 27449 | -4/Cetus | Manufactured an Enhanced Grunt 27469 | -4/Cetus | Discovered new exit (range 16) 27504 | -4/Cetus | Spotted Cetus Guard 27504 | -4/Cetus | Spotted Cetus Guard 27506 | -4/Cetus | Spotted Cetus Guard 27508 | -4/Cetus | Allies destroyed Cetus Guard 27514 | -4/Cetus | Spotted Cetus Guard 27521 | -4/Cetus | Allies destroyed Cetus Guard 27528 | -4/Cetus | Allies destroyed Cetus Guard 27535 | -4/Cetus | Allies destroyed Cetus Guard 27553 | -4/Cetus | Discovered exit to Research (range 15) 27561 | -4/Cetus | Met Revision 17 27680 | -4/Cetus | Entered Archives 27680 | -4/Archives | Accompanied by 14 allies 27735 | -4/Archives | Unable to access archive contents 27743 | -4/Archives | Lost 4 allies 27749 | -4/Archives | Unable to access archive contents 27752 | -4/Archives | Discovered new exit (range 16) 27777 | -4/Archives | Discovered new exit (range 16) 27845 | -4/Archives | Entered Hub_04(d) 27845 | -4/Hub_04(d) | Accompanied by 8 allies 28154 | -4/Hub_04(d) | Found Exp. Signal Interpreter 28367 | -4/Hub_04(d) | Lost 3 allies 28441 | -4/Hub_04(d) | Found Prototype Device 28441 | -4/Hub_04(d) | Identified Exp. Thermal Shield 28477 | -4/Hub_04(d) | Lost 4 allies 28779 | -4/Hub_04(d) | Network Hub disabled 28817 | -4/Hub_04(d) | Network Hub disabled 28844 | -4/Hub_04(d) | Identified exit to Garrison 28844 | -4/Hub_04(d) | Entered Garrison 28931 | -4/Garrison | Found embedded Infiltrators 29074 | -4/Garrison | Triggered checkpoint 29133 | -4/Garrison | Garrison Relay disabled 29197 | -4/Garrison | Spotted B-86 Titan 29221 | -4/Garrison | Spotted B-86 Titan 29348 | -4/Garrison | Destroyed B-86 Titan 29438 | -4/Garrison | Build established: Botlord-Gunner 29457 | -4/Garrison | Triggered checkpoint 29462 | -4/Garrison | Triggered checkpoint 29523 | -4/Garrison | Garrison Relay disabled 29545 | -4/Garrison | Triggered checkpoint 29619 | -4/Garrison | Discovered exit to Research (range 15) 29820 | -4/Garrison | Triggered checkpoint 29824 | -4/Garrison | Triggered checkpoint 29909 | -4/Garrison | Discovered exit to Research (range 12) 29921 | -4/Garrison | Expanded RIF knowledge: Coupler Efficiency 29979 | -4/Garrison | Learned Research security intel 29988 | -4/Garrison | Triggered checkpoint 30015 | -4/Garrison | Garrison Relay disabled 30220 | -4/Garrison | Discovered exit to Research (range 2) 30268 | -4/Garrison | Spotted Executioner 30273 | -4/Garrison | Rewired Executioner 30275 | -4/Garrison | Allies destroyed Executioner 30278 | -4/Garrison | Found Prototype Processor 30278 | -4/Garrison | Identified Exp. Core Analyzer 30283 | -4/Garrison | Found Prototype Device 30283 | -4/Garrison | Identified Adv. Kinecellerator 30292 | -4/Garrison | Found Exp. Core Analyzer 30324 | -4/Garrison | Triggered checkpoint 30360 | -4/Garrison | Garrison Relay disabled 30413 | -4/Garrison | Entered Research 30413 | -3/Research | Accompanied by 7 allies 30413 | -3/Research | Evolved 2 slots: Propulsion x1, Utility x1 30414 | -3/Research | Identified exit to Armory 30416 | -3/Research | Loaded intel: 23 terminal locations 30613 | -3/Research | Revision forces began assault on 0b10 30677 | -3/Research | Met up with Revision 17++ 30728 | -3/Research | Build established: Botlord-Skirmisher 30968 | -3/Research | Lost 3 allies 31113 | -3/Research | Research terminal network offline 31266 | -3/Research | Entered Armory 31266 | -3/Armory | Accompanied by 3 allies 31734 | -3/Armory | Found Prototype Processor 31734 | -3/Armory | Identified Exp. Targeting Computer 31750 | -3/Armory | Lost 4 allies 31835 | -3/Armory | Lost 3 allies 31928 | -3/Armory | Lost 4 allies 31983 | -3/Armory | Scrapoid reinforcements arrived 32016 | -3/Armory | First assault squad dispatched 32040 | -3/Armory | P-80 Master assimilated allied 03A20-D 32073 | -3/Armory | Lost 5 allies 32098 | -3/Armory | Destroyed 19 combat bots 32104 | -3/Armory | Lost 3 parts (2u1w) 32105 | -3/Armory | Spotted B-86 Titan 32116 | -3/Armory | Destroyed B-86 Titan 32136 | -3/Armory | Found Scrap Suit 32146 | -3/Armory | Found Scrap Suit 32368 | -3/Armory | Build established: Botlord-Gunner 32677 | -3/Armory | Discovered new exit (range 3) 32682 | -3/Armory | Entered Lab 32682 | -3/Lab | Accompanied by 5 allies 32682 | -3/Lab | Discovered new exit (range 9) 32701 | -3/Lab | Hidden lab's door opened automatically 32701 | -3/Lab | Sensor layout match revealed 32702 | -3/Lab | Gained access to the hidden lab's interior 32705 | -3/Lab | Unable to decrypt terminal 32735 | -3/Lab | Build established: Botlord-Skirmisher 32877 | -3/Lab | Found Alien Artifact 32877 | -3/Lab | Identified Core Regenerator 32877 | -3/Lab | Used Core Regenerator, restored core integrity (+325) 32898 | -3/Lab | Found Alien Artifact 32898 | -3/Lab | Identified Integrated Dissipator 32898 | -3/Lab | Installed Integrated Dissipator, increased core heat dissipation (+20) 32914 | -3/Lab | Found Alien Artifact 33307 | -3/Lab | Found Prototype Hackware 33313 | -3/Lab | Found Prototype Protection 33319 | -3/Lab | Found Prototype Energy Cannon 33319 | -3/Lab | Identified Warp Cannon 33324 | -3/Lab | Found Prototype Energy Gun 33324 | -3/Lab | Identified Hyp. EM Gauss Rifle 33357 | -3/Lab | Unable to decrypt terminal 33486 | -3/Lab | Found Prototype Special Weapon 33518 | -3/Lab | Identified Exp. Powered Armor 33521 | -3/Lab | Entered Research 33521 | -2/Research | Accompanied by 5 allies 33521 | -2/Research | Evolved 2 slots: Utility x2 33522 | -2/Research | Identified exit to Access 33621 | -2/Research | Identified Deep Network Scanner 33625 | -2/Research | Identified exit to Quarantine 33659 | -2/Research | Fabricated W-44 Eye? 33896 | -2/Research | Identified Gui. Remote Datajack 34291 | -2/Research | Lost 5 allies 34431 | -2/Research | Spotted B-90 Cyclops 34476 | -2/Research | Destroyed B-90 Cyclops 34704 | -2/Research | Crushed by falling debris 34704 | -2/Research | System corruption reached 10% 34735 | -2/Research | Lost 3 parts (1p2u) 35131 | -2/Research | Entered Quarantine 35171 | -2/Quarantine | Found Alien Artifact 35171 | -2/Quarantine | Identified Phase Armor 35481 | -2/Quarantine | Unchained authorized (6S-H0T) 35573 | -2/Quarantine | Found Alien Artifact 35655 | -2/Quarantine | Lost 4 allies 35700 | -2/Quarantine | Lost 3 allies 35773 | -2/Quarantine | Build established: Botlord-Gunner 35874 | -2/Quarantine | Identified Transdimensional Reconstructor 35874 | -2/Quarantine | Warped through subspace 35997 | -2/Quarantine | Found Alien Artifact 35997 | -2/Quarantine | Identified Terrabomb 35997 | -2/Quarantine | Used Terrabomb 36150 | -2/Quarantine | P-80 Master assimilated allied Enforcer 9g 36211 | -2/Quarantine | Core integrity fell below 50% 36217 | -2/Quarantine | Cryocooling Duct disabled 36232 | -2/Quarantine | Ambient heat levels rising (+20) 36232 | -2/Quarantine | Non-combat units ordered to evacuate 36245 | -2/Quarantine | Found Alien Artifact 36251 | -2/Quarantine | Found Transdimensional Reconstructor 36254 | -2/Quarantine | Found Alien Artifact 36255 | -2/Quarantine | Lost 5 parts (5u) 36257 | -2/Quarantine | Found Alien Artifact 36309 | -2/Quarantine | Spotted Fortress 36313 | -2/Quarantine | Assimilated Fortress with formatsys_high 36514 | -2/Quarantine | Build established: Bothacker-Gunner 36584 | -2/Quarantine | Discovered new exit (range 6) 36584 | -2/Quarantine | Discovered new exit (range 6) 36613 | -2/Quarantine | Entered Section 7 36613 | -2/Section 7 | Accompanied by 1 ally 36685 | -2/Section 7 | Identified Hpw. Transdimensional Reconstructor (x3) 36685 | -2/Section 7 | Identified Subatomic Replicator 36854 | -2/Section 7 | Garrison activated, responded to threat 36943 | -2/Section 7 | Found Prototype Processor 36943 | -2/Section 7 | Identified Exp. Target Analyzer 36953 | -2/Section 7 | Found Exp. Target Analyzer 36955 | -2/Section 7 | Found Exp. Target Analyzer 36958 | -2/Section 7 | Found Exp. Target Analyzer 36966 | -2/Section 7 | Found Exp. Target Analyzer 37033 | -2/Section 7 | Core integrity fell below 20% 37039 | -2/Section 7 | Warped through subspace 37083 | -2/Section 7 | Spotted S7 Guard 37092 | -2/Section 7 | Assimilated S7 Guard with formatsys_high 37100 | -2/Section 7 | Found Alien Artifact 37113 | -2/Section 7 | First assault squad dispatched 37142 | -2/Section 7 | Spotted B-90 Cyclops 37205 | -2/Section 7 | Warped through subspace 37209 | -2/Section 7 | Warped through subspace 37224 | -2/Section 7 | Lost 3 allies 37316 | -2/Section 7 | Spotted Alpha 7 37327 | -2/Section 7 | Spotted Alpha 7 37345 | -2/Section 7 | Assimilated Alpha 7 with formatsys_high 37365 | -2/Section 7 | Warped through subspace 37376 | -2/Section 7 | Identified Core Physics Calibrator 37377 | -2/Section 7 | Lost 7 parts (1p2n2u2w) 37418 | -2/Section 7 | Found Alien Artifact 37435 | -2/Section 7 | Scanned by Researcher 37458 | -2/Section 7 | Spotted S7 Guard 37474 | -2/Section 7 | System corruption reached 30% 37482 | -2/Section 7 | Destroyed by G-73 Enforcer with Phase Gun Last Messages --------------- 37437_ P-80 Master slows to a halt. 37439_ C-65 Expert slows to a halt. 37442_ 6ZDCGTNW1LZCIFNAWQETDWHYO KGYK 37456_ ALERT: Security rotation in progress. 37457_ C-65 Expert reactivates. 37464_ M0|HD Q|JPPEJNRO40UG&MC8CU 37473_ G-73 Enforcer slows to a halt. 37473_ SYS_ERR_328975498362890465 37473_ G-73 Enforcer slows to a halt. 37474_ S7 Guard springs to life. 37476_ Attempting to rewire G-73 Enforcer. 37480_ System corrupted: Energy discharge (-145). 37481_ Enh. Hardcell Cannon+ destroyed. 37481_ Knocked back. 37482_ P-80 Master slows to a halt. 37482_ W-44 Eye slows to a halt. 37482_ K-01 Serf slows to a halt. 37482_ C-65 Expert slows to a halt. 37482_ P-80 Master slows to a halt. Map ----- +----------------------------------------------------+ | ???????????############# #???????"?#????# ## | | ???????????# """ # #??????????????# #? | | #?????#????# "T" # #????? ?????#?## ## | | ?#?????????# # ################ ## | | ???????????# """"""" # | | ??????????## """"""" # | | #??????????# """"""" + *= | | ??????#????# # =[ !! | | ?????????########+###### !######+##"##"### | | ?????????# ## =## # | | ?????????# ## ## """ # """ | | ?????????# # ## """ # """ | | ????????## / ## """ = # """ | | "????"??## "" #p ##! """ # | | "????????# "" # ## """ # """ | | ?????????# """ # ######### """ #???"" | | ?????"???# """ " #p k#???????# """ # ???? | | ? ??????## """"" # #??#????#= # ? | | ???? ????# "" # ###?????##########?? ?? | | ?? ??????# "" #c w#?#????#?????????? ???? | | ??? ?????# # #????#?#?????#???? ???? | | ? ????? ?############## #???????#?????????##??? | | #+##?#######??????????# ########???????????#??? | | #? #??????????# #% """#???????#??#???? | | # #????#?????# ; """"#?#????????#??#? | | # ??????#?????# @ g "!""#?????#????#???? | | / ??????#?######?# g; Y""""##????????#??#?? | | #??????????? ### % # """#???????????#?#? | | #???????#?? #?#k # ""#??????????????? | | ########???=!! #?#g#### "#??????????????? | | #?? =!! ""#?#w???########???#??????????? | | ##? =!! ""#?# ??????????????????????#??? | | # T"### ?????????????????????????? | | ## = ""#?#???#?????????????#????????? | | ##" ""#???????????##???????????????? | | ! #????????????????????????#???? | | " #! # % # ##+#####?????#?????????????????????? | | *%!*= % % #????????????????????????? | | =[=% % % %% #??#?????????????????????? | | %=% #?????#???????????????#??? | | % % #?????#??????????????????? | | ## # ### ## "### #????????????????????????? | | ## ## ?? ?????????????#??##???????? | | ###?## #?????????????????????????????? | | +????+ """"""" #?????????????????????????????? | | #????? """"""" +????